Cogmind - Beta 16.1 @@@ ROGUE MODE // 2026.03.19 @ 00:20:25 Player: FL-IST Result: Destroyed by S-43 Plague with Heavy Machine Gun Performance ------------- Evolutions (8) 4000 Regions Visited (27) 5400 Robots Destroyed (493) 2465 Value Destroyed (21467) 21467 Prototype IDs (85) 1700 Alien Tech Used (6) 1200 Bonus (17537) 17537 TOTAL SCORE: 53769 Bonus ------- High Alert Combat Kills 11052 Follower Combat Kills 1610 Hunted by Unchained 500 Network Hubs Disabled 200 Registered with UFD 300 Met Optimus in HQ 500 Met Zhirov 300 MAIN.C Attacked Warlord 500 Warlord Defense Kills 1370 Met R17 at Cetus 500 Met R17 at Research 2000 Met Optimus at Protoforge 1000 Friendly Fire -2295 Cogmind --------- Core Integrity 0/1450 Matter 300/300 Energy 100/100 System Corruption 1% Temperature Cool (0) Movement Core (50) Location -2/Protoforge Parts ------- > --- POWER (1) -------- (None) > --- PROPULSION (8) --- (None) > --- UTILITY (11) ----- (None) > --- WEAPON (3) ------- (None) > --- INVENTORY (5) ---- Neutrino Core Compact Battery (200) Improved Remote Force Field Peak State ------------ > --- POWER ------------ Improved Quantum Reactor > --- PROPULSION ------- Enhanced Biometal Leg Enhanced Biometal Leg Xenon Bombardment Thruster Improved Diametric Drive Impulse Thruster Array Impulse Thruster Array > --- UTILITY ---------- Medium Storage Unit Spectral Analyzer Long-range Sensor Array Advanced Signal Interpreter Experimental Core Analyzer Experimental Core Analyzer Experimental Core Analyzer Experimental Armor Integrity Analyzer Experimental Weapon Cycler Advanced Phase Shifter Centrium Light Armor Plating > --- WEAPON ----------- Helical Railgun Concept XC Strikerail Concept XC Strikerail > --- INVENTORY -------- Advanced Power Amplifier Advanced Sensor Array Experimental Transmission Jammer Graphene Brace Experimental EM Shield Phase Redirector Subatomic Replicator Vortex Shotgun Helical Railgun Makeshift Hammer [Rating: 206] Favorites ----------- Power Micro Antimatter Reactor Engine Heavy Ion Engine Power Core Light Fission Core Reactor Micro Antimatter Reactor Propulsion Light Treads Treads Light Treads Leg Enhanced Biometal Leg Wheel Centrium Wheel Hover Unit Gravmag System Flight Unit Cooled Nuclear Pulse Thruster Utility Medium Storage Unit Device Seismic Detector Storage Medium Storage Unit Processor Advanced Signal Interpreter Hackware Hacking Suite Protection Centrium Medium Armor Plating Artifact Phase Redirector Weapon Makeshift Hammer Energy Gun Tesla Rifle Energy Cannon Beam Cannon Ballistic Gun Improved Assault Rifle Ballistic Cannon Overtuned Linear Accelerator Launcher Gamma Bomb Array Special Weapon CPS Tube Impact Weapon Makeshift Hammer Slashing Weapon Power Sword Piercing Weapon Lance Special Melee Weapon Advanced Datajack Build | -11 -10 -10 -9 -9 -9 -9 -6 -6 -6 -6 -6 -6 -6 -5 -5 -5 -5 -4 -4 -4 -4 -3 -3 -3 -2 -2 -2 ------- Run | Yrd Mat Min Mat Sto Rec Scr Fac Was Fac Ext Cet Arc Hub Fac Upp Upp Zhi Pro Fac Upp War Pro Res Qua Res Tes Frg Slots Evolved 16 | . . . 2 . . . 6 . . . . . . 2 . . . . 2 . . . 2 . 2 . . Power . | . . . . . . . . . . . . . . . . . . . . . . . . . . . . Propulsion 6 | . . . 1 . . . 2 . . . . . . . . . . . 1 . . . 2 . . . . Utility 9 | . . . . . . . 4 . . . . . . 2 . . . . 1 . . . . . 2 . . Weapon 1 | . . . 1 . . . . . . . . . . . . . . . . . . . . . . . . Parts Attached 299 | 7 8 6 16 24 . 12 27 . 19 10 4 6 . 25 6 2 8 1 3 2 11 . 8 3 3 4 84 Power 27 | 1 1 1 1 3 . 2 1 . 1 3 . . . 1 . . 2 . . 1 . . 1 . . . 8 Engine 8 | 1 1 1 . 2 . 2 1 . . . . . . . . . . . . . . . . . . . . Core 6 | . . . 1 . . . . . 1 2 . . . . . . 1 . . . . . . . . . 1 Reactor 13 | . . . . 1 . . . . . 1 . . . 1 . . 1 . . 1 . . 1 . . . 7 Propulsion 96 | 2 3 2 9 11 . 3 5 . 8 3 2 5 . 5 1 . 3 . 2 . 1 . 1 2 . 1 27 Treads 28 | 1 2 2 7 9 . . . . . . . . . . . . . . . . . . . . . . 7 Leg 3 | . . . . . . . . . . . 1 . . . . . . . . . . . . . . . 2 Wheel 6 | 1 1 . . . . . . . 1 . . . . . . . . . 1 . . . . . . . 2 Hover 13 | . . . . . . . . . 1 . . 5 . 5 1 . . . . . . . . . . . 1 Flight 46 | . . . 2 2 . 3 5 . 6 3 1 . . . . . 3 . 1 . 1 . 1 2 . 1 15 Utility 115 | 2 2 1 1 3 . 4 16 . 9 4 1 . . 13 2 1 3 . 1 . 7 . 4 1 2 2 36 Device 55 | 1 . 1 1 . . 2 7 . 4 2 . . . 8 2 . 1 . 1 . 3 . 3 . . 2 17 Storage 9 | 1 2 . . . . 1 . . . . . . . . . . . . . . 1 . . . . . 4 Processor 25 | . . . . 2 . . 5 . 1 1 . . . 1 . 1 . . . . 2 . 1 . . . 11 Hackware 14 | . . . . 1 . . 3 . 4 . . . . 3 . . 1 . . . 1 . . . 1 . . Protection 11 | . . . . . . 1 1 . . 1 1 . . 1 . . 1 . . . . . . . 1 . 4 Artifact 1 | . . . . . . . . . . . . . . . . . . . . . . . . 1 . . . Weapon 61 | 2 2 2 5 7 . 3 5 . 1 . 1 1 . 6 3 1 . 1 . 1 3 . 2 . 1 1 13 Energy Gun 6 | . . . . . . . . . . . 1 . . 4 . . . . . . 1 . . . . . . Energy Cannon 7 | . 1 1 1 1 . . . . . . . . . 1 . . . . . . . . 1 . . 1 . Ballistic Gun 23 | 2 . 1 4 5 . . 1 . . . . . . 1 . . . . . . . . . . . . 9 Ballistic Cannon 7 | . . . . . . . . . . . . . . . 1 1 . . . . 1 . . . . . 4 Launcher 5 | . 1 . . . . 1 1 . . . . . . . . . . . . . . . 1 . 1 . . Special Weapon 3 | . . . . . . 2 . . 1 . . . . . . . . . . . . . . . . . . Impact Weapon 3 | . . . . 1 . . . . . . . . . . 1 . . 1 . . . . . . . . . Slashing Weapon 4 | . . . . . . . 3 . . . . . . . . . . . . 1 . . . . . . . Piercing Weapon 2 | . . . . . . . . . . . . . . . 1 . . . . . 1 . . . . . . Special Melee Weapon 1 | . . . . . . . . . . . . 1 . . . . . . . . . . . . . . . Unidentified Prototypes 49 | . . . 2 2 . . 1 . 2 2 2 . . 3 . . 4 . . . 8 . 2 4 1 2 14 Corrupted Parts 1 | . . . . . . . . . . . . . . 1 . . . . . . . . . . . . . System Corruption 1 | . . . . . . . . . . . . . . 1 . . . . . . . . . . . . . Parts Lost 78 | . 3 6 1 6 . . 6 . 2 7 4 . . 8 1 . . . . 1 1 . . . . . 32 Power 9 | . 1 1 . 2 . . . . . 1 . . . . . . . . . . . . . . . . 4 Propulsion 31 | . 2 2 . 1 . . 2 . 1 3 2 . . 4 . . . . . . . . . . . . 14 Utility 24 | . . 1 . 1 . . 3 . 1 1 2 . . 2 . . . . . 1 1 . . . . . 11 Weapon 14 | . . 2 1 2 . . 1 . . 2 . . . 2 1 . . . . . . . . . . . 3 Highest Loss Streak 8 | . 2 5 1 2 . . 3 . 2 3 4 . . 5 2 . . . . 1 1 . . . . . 8 To Critical Strikes . | . . . . . . . . . . . . . . . . . . . . . . . . . . . . Average Backups 11 | 3 9 14 18 19 19 15 8 9 8 8 7 8 8 9 9 9 9 9 8 7 8 8 8 9 9 9 5 Power . | . . . . . 1 . 1 1 1 1 1 1 1 1 1 1 . . . . . . . 1 2 1 . Propulsion 3 | 1 3 4 8 10 10 7 . . . . . . . . . . . . 1 2 2 2 1 . . . . Utility 4 | . 1 3 4 6 6 5 4 6 5 5 5 6 6 6 6 5 5 5 3 3 3 2 2 2 2 2 2 Weapon 2 | . 4 5 4 2 2 1 . 1 1 . . 1 1 1 1 2 2 2 1 . 1 2 2 2 1 1 1 Tool/Special . | . . . . . . . . . . . . . . . . . . . . . . . . . . . . Unused Backups 33 | . 2 . 6 . 3 5 2 . . 1 . . . 3 . 3 . . 1 . . . . . . 1 6 Power 3 | . . . . . . 1 . . . . . . . . . . . . . . . . . . . . 2 Propulsion 4 | . 1 . 3 . . . . . . . . . . . . . . . . . . . . . . . . Utility 19 | . . . 1 . 3 3 1 . . 1 . . . 3 . 3 . . 1 . . . . . . 1 2 Weapon 6 | . 1 . 2 . . 1 1 . . . . . . . . . . . . . . . . . . . 1 Tool/Special 1 | . . . . . . . . . . . . . . . . . . . . . . . . . . . 1 Average Slot Usage (%) 88 | . 95 99 99 96 98 76 91 93 92 91 84 79 86 89 82 92 81 82 85 87 85 89 88 89 86 90 78 Engine 3 | . 9 13 4 6 11 11 6 6 1 . . . . . . . . . . . . . . . . . . Core 1 | . . . 6 1 . . . . 3 5 . . 6 . . . 3 5 5 1 . . . . . . . Reactor 1 | . . . . . . . . . . . 6 5 . 4 5 5 1 . . 3 5 5 4 4 4 4 3 Treads 12 | . 14 26 32 32 33 26 . . . . . . . . . . . . . . . . . . . . 4 Wheel 1 | . 13 1 . . . . . . . . . . . . . . . . 2 5 3 . . . . . . Hover 3 | . . . . . . . . . . . . 10 33 27 24 29 13 11 4 . . . . . . . . Flight 10 | . . . . . . 6 32 33 30 32 30 14 . . . . 11 17 18 21 22 26 28 28 26 26 14 Device 11 | . 14 13 10 3 . . 12 13 12 12 9 5 . 14 22 18 14 11 13 15 13 15 13 13 17 16 13 Storage 7 | . 14 14 11 11 11 10 6 6 6 6 4 6 6 5 5 5 5 5 5 5 5 5 4 4 4 4 5 Processor 7 | . . . . 6 . . 10 6 6 6 6 6 6 5 5 10 11 11 10 10 10 10 9 9 8 8 19 Hackware 4 | . . . . . 11 11 8 13 13 13 13 13 13 8 . . 2 5 5 5 6 10 9 9 8 8 . Protection 2 | . . . . . . . . . . . 2 6 13 6 11 9 2 2 10 8 5 5 4 4 6 8 3 Energy Cannon 3 | . 11 14 6 10 10 . . . . . . . . 1 . . . . . . . . 3 4 4 4 . Ballistic Gun 8 | . 15 13 26 22 21 . . . . . . . . . . . . . . . . . . . . . 6 Special Weapon 1 | . . . . . . 7 6 6 8 4 . . . . . . . . . . . . . . . . . Impact Weapon 2 | . . . . . . 3 4 . . . . . . . 2 5 5 3 7 10 8 5 4 3 4 4 . Peak Build Rating 206 | 7 8 10 20 25 24 32 60 57 68 72 73 73 65 98 90 92 96 103 121 123 142 123 151 156 158 172 206 Average Rating 71 | 5 7 9 17 17 22 19 48 57 57 64 66 65 65 82 79 89 82 89 110 116 116 123 141 144 152 159 168 On Entrance 74 | . 7 8 10 20 23 16 32 57 57 68 69 67 65 65 69 90 92 87 98 117 110 123 123 143 146 157 161 Avg Prop Armor Cover (%) 5 | 5 9 12 . . . . . . 6 . . . . 1 . . 7 7 4 4 11 . . . . . 4 Naked Turns 4 | . . . . . . . . . . . . . . . . . . . . . . . . . . . 4 Heaviest Build 70 | 15 51 54 57 57 57 53 53 26 26 31 31 29 28 49 49 51 51 31 35 47 48 35 56 62 60 58 70 Greatest Support 156 | 20 40 40 63 66 66 66 27 26 27 27 36 61 45 67 55 55 55 43 51 51 59 68 76 69 62 67 156 Greatest Overweight (x) 7 | . 5 3 1 1 . 7 3 . 1 1 1 1 . 1 . . 6 . . 1 1 . . 2 . . 4 Average Overweight (x) . | . 1 1 . . . . . . . . . . . . . . . . . . . . . . . . . Largest Inventory Capacity 20 | 8 20 20 20 20 20 20 20 10 10 10 10 10 10 10 10 10 10 10 10 10 10 10 10 10 10 10 10 Average Capacity 13 | 7 13 20 20 20 20 17 10 10 10 10 8 10 10 10 10 10 10 10 10 10 10 10 10 10 10 10 8 Most Carried 20 | 5 14 15 20 20 20 20 15 10 10 10 10 10 9 10 10 10 10 10 10 10 10 10 10 10 10 10 10 Average Carried 11 | 3 9 14 18 19 19 15 9 10 9 9 8 9 9 9 9 9 9 9 9 9 9 10 9 9 9 9 6 Final Capacity 20 | 8 20 20 20 20 20 20 10 10 10 10 10 10 10 10 10 10 10 10 10 10 10 10 10 10 10 10 5 Final Carried 20 | 5 13 14 19 20 20 15 10 10 10 10 9 9 9 10 9 10 10 9 10 10 10 10 10 10 9 10 3 Scrap Suit Usage (%) 7 | . . . . . . . . . . . . . . . . . . . . . . . . . . . 46 Parts Cannibalized 30 | . . . . . . . . . . . . . . . . . . . . . . . . . . . 30 Class Distribution -------------------- 23% | Mutant 19% | Scavenger-Gunner 10% | Derelict-Scout 7% | Hacker-Ninja 6% | Scavenger-Mutant 6% | Hacker-Sprinter 5% | Gunner 3% | Scavenger-Scrapper Dominant Class ---------------- Mutant | -10/Materials Mutant | -10/Mines Scavenger-Gunner | -9/Materials Scavenger-Gunner | -9/Storage Gunner | -9/Recycling Mutant | -9/Scraptown Scout | -6/Factory Hacker-Sprinter | -6/Waste Hacker-Sprinter | -6/Factory Hacker-Sprinter | -6/Extension Hacker-Sprinter | -6/Cetus Hacker-Sprinter | -6/Archives Scavenger-Mutant | -6/Hub_04(d) Scavenger-Mutant | -5/Factory Derelict-Mutant | -5/Upper Caves Derelict-Scout | -5/Upper Caves Derelict-Scout | -5/Zhirov Derelict-Scout | -4/Proximity Caves Derelict-Scout | -4/Factory Derelict-Scout | -4/Upper Caves Derelict-Assassin | -4/Warlord Hacker-Ninja | -3/Proximity Caves Hacker-Ninja | -3/Research Hacker-Ninja | -3/Quarantine Hacker-Ninja | -2/Research Hacker-Ninja | -2/Testing Scavenger-Scrapper | -2/Protoforge Resources | -11 -10 -10 -9 -9 -9 -9 -6 -6 -6 -6 -6 -6 -6 -5 -5 -5 -5 -4 -4 -4 -4 -3 -3 -3 -2 -2 -2 ----------- Run | Yrd Mat Min Mat Sto Rec Scr Fac Was Fac Ext Cet Arc Hub Fac Upp Upp Zhi Pro Fac Upp War Pro Res Qua Res Tes Frg Matter Collected 16281 | 315 366 152 1218 760 295 106 523 . 132 376 218 80 . 401 118 698 114 36 292 70 587 20 130 130 67 27 9050 Remotely . | . . . . . . . . . . . . . . . . . . . . . . . . . . . . Salvage Created 24032 | 121 743 261 2053 1501 1110 . 647 . 248 433 12 395 . 1372 138 569 307 . 296 112 599 36 1249 431 107 25 11267 Parts 1135 | 13 51 19 111 117 43 . 24 . 19 39 . 29 . 66 3 15 3 . 7 6 22 . 25 13 10 2 498 Haulers Intercepted 20 | . 2 . 6 3 . . . . 1 . . . . 3 . . . . 1 . . . 2 1 . . 1 Recyclers Shooed 11 | . . . 2 3 3 . 1 . . . . . . . . . . . . . . . 1 1 . . . Parts Field Recycled . | . . . . . . . . . . . . . . . . . . . . . . . . . . . . Retrieved Matter . | . . . . . . . . . . . . . . . . . . . . . . . . . . . . Parts Self-Destructed 35 | . . . . . . . . . . . . . . . 4 14 . . . 17 . . . . . . . Prevented 2 | . . . . . . . . . . . . . . . 1 . 1 . . . . . . . . . . Parts Restored . | . . . . . . . . . . . . . . . . . . . . . . . . . . . . Kills | -11 -10 -10 -9 -9 -9 -9 -6 -6 -6 -6 -6 -6 -6 -5 -5 -5 -5 -4 -4 -4 -4 -3 -3 -3 -2 -2 -2 ------- Run | Yrd Mat Min Mat Sto Rec Scr Fac Was Fac Ext Cet Arc Hub Fac Upp Upp Zhi Pro Fac Upp War Pro Res Qua Res Tes Frg Combat Hostiles Destroyed 308 | . 16 8 30 27 8 . 1 . . 3 1 1 . 11 1 9 . . 5 5 10 . . . . . 172 Melee 6 | . . . . . . . . . . 2 . 1 . 3 . . . . . . . . . . . . . Guns 181 | . 10 2 24 17 7 . . . . . . . . 3 . . . . . . . . . . . . 118 Cannons 96 | . 5 3 6 9 1 . . . . . . . . 1 . 9 . . . . 8 . . . . . 54 AOE 21 | . . 3 . . . . 1 . . 1 1 . . 3 1 . . . 4 5 2 . . . . . . Classes Destroyed 25 | 2 8 1 1 . 2 . 1 . . . . . . . . 3 . . . 1 . . . . . . 6 Worker 30 | . 3 . 5 1 . . 4 . 3 1 . . . 1 . . . . 1 . . . 5 1 3 2 . Builder 26 | . 1 . 3 3 2 . 3 . 1 2 . . . 2 . . . . . . . . 2 3 2 . 2 Tunneler 5 | 3 . . 1 . . . 1 . . . . . . . . . . . . . . . . . . . . Hauler 20 | . 2 . 6 3 . . . . 1 . . . . 3 . . . . 1 . . . 2 1 . . 1 Recycler 32 | 1 . 1 4 3 9 . 3 . . 1 . . . 2 . . . . 1 . . . 6 1 . . . Minesweeper 2 | . . . . . . . . . . . . . . . . 1 . . . . . 1 . . . . . Mechanic 20 | . . . 1 . . . . . . . . . . . . . . . 1 . . . . . . . 18 Operator 26 | . 1 . 3 3 . . 1 . 2 . . 9 . 3 . . . . . . . . 1 . . . 3 Drone 13 | . . . . . . . . . . . . . . . . . . . . . . . . . . . 13 Watcher 22 | . 2 . 5 2 . . 3 . . 1 1 . . 2 . . . . . . . . 2 1 1 . 2 Swarmer 58 | . 3 6 10 8 . . . . . . . . . 3 . 1 . . 5 5 . . . . . . 17 Saboteur 3 | . . . . . . . . . . . . . . . . . . . . . . . . . . . 3 Grunt 87 | . 12 . 13 11 . . . . . 2 . . . 3 . 4 . . . . 7 . . . . . 35 Brawler 10 | . . . . . . . . . . . . . . . . 1 . . . . 1 . . . . . 8 Duelist 8 | . . . . . . . . . . . . . . . . 1 . . . . 1 . . . . . 6 Protector 14 | . . . . . 4 . . . . . . . . . . . . . . . . . . . . . 10 Sentry 25 | . . 2 7 8 3 . . . . . . 1 . 1 . 1 . . . . . . . . . . 2 Specialist 1 | . . . . . . . . . . . . . . . . . . . . . . . . . . . 1 Hunter 16 | . . . . . 1 . . . . 1 . . . 2 1 . . . . . 1 . . . . . 10 Programmer 19 | . . . . . . . 1 . . . . . . 2 . 1 . . . . . . . . . . 15 Cetus Guard 1 | . . . . . . . . . . . 1 . . . . . . . . . . . . . . . . Striker 23 | . . . . . . . . . . . . . . . . . . . . . . . . . . . 23 Executioner 29 | . . . . . . . . . . . . . . . . . . . . . . . . . . . 29 Subdweller 1 | . 1 . . . . . . . . . . . . . . . . . . . . . . . . . . Scrapoid 2 | . . . . . . . . . . . . . . . . . . . . . . . . . . . 2 Decomposer 2 | . . . . . . . . . . . . . . . . 2 . . . . . . . . . . . Packrat 1 | . . . . . . . . . . . . . . . . 1 . . . . . . . . . . . Samaritan 1 | . . . . . . . . . . . . . . . . . . . . 1 . . . . . . . Best Kill Streak 14 | 2 4 5 6 7 9 . 5 . 2 2 2 7 . 7 1 3 . . 4 5 5 1 6 3 2 2 14 Combat Bots Only 12 | . 3 5 6 7 3 . 1 . . 2 1 1 . 4 1 3 . . 4 5 5 . . . . . 12 Max Kills in Single Turn 5 | 1 1 2 2 2 2 . 5 . 1 1 1 1 . 2 1 1 . . 4 3 2 1 1 3 1 1 2 Gunslinging 1 | . . . . . . . . . . . . . . . . . . . . . . . . . . . 1 Exploded 4 | . . 2 . . . . 1 . . 1 1 . . 2 1 . . . 4 3 2 . . . . . . Melee 1 | . . . . . . . . . . 1 . 1 . 1 . . . . . . . . . . . . . Uniques/NPCs Destroyed 1 | . . . . . . . . . . 1 . . . . . . . . . . . . . . . . . A7 (-6/Extension) Combat | -11 -10 -10 -9 -9 -9 -9 -6 -6 -6 -6 -6 -6 -6 -5 -5 -5 -5 -4 -4 -4 -4 -3 -3 -3 -2 -2 -2 -------- Run | Yrd Mat Min Mat Sto Rec Scr Fac Was Fac Ext Cet Arc Hub Fac Upp Upp Zhi Pro Fac Upp War Pro Res Qua Res Tes Frg Hostile Shots Fired 1134 | . 60 80 86 119 12 . 23 . 10 40 24 1 4 82 10 6 . 2 37 22 18 7 12 18 13 2 446 Missed 428 | . 17 25 21 35 3 . 15 . 7 15 11 . 3 25 5 4 . 2 21 11 7 4 4 6 3 1 183 Hits 706 | . 43 55 65 84 9 . 8 . 3 25 13 1 1 57 5 2 . . 16 11 11 3 8 12 10 1 263 Melee 7 | . . . . . . . . . . . . . . . . . . . . . 1 . . . . . 6 Projectile 699 | . 43 55 65 84 9 . 8 . 3 25 13 1 1 57 5 2 . . 16 11 10 3 8 12 10 1 257 AOE 1 | . . . . . . . . . . . . . . . . . . . . . . . . 1 . . . Critical Strikes 36 | . 1 2 1 1 1 . . . . 3 3 . . . . . . . . . 1 . . 4 . . 19 Actively Blocked 2 | . . . . . . . . . . . . . . . . . . . . . . . . 1 . . 1 Part Disruptions 8 | . . . . . . . . . . . . . . . . . . . . 1 . . 1 6 . . . Damage Taken 14224 | . 507 577 739 967 134 . 396 . 64 469 361 49 19 1012 50 18 . . 290 88 222 37 214 182 279 49 7501 Core 2149 | . 51 92 30 129 . . 57 . 6 150 28 23 19 60 10 . . . . 4 . . 52 39 45 . 1354 Absorbed by Shields 474 | . . . . . . . . . . 9 . . . . 30 19 . . . . . . . . . . 416 Redirected to Shielding 353 | . . . . . . . . . . . . . . 25 . . . . . 2 . . 33 23 28 . 242 Regen/Repaired (Parts) 368 | . . . . . . . . . . . . . . 38 . . . . . . 61 . . . . . 269 Core Remaining (%) 76 | 100 . 42 . . . 60 . . . . . . 66 . . . . 93 . . . 99 . 78 . . . Volleys Fired 1188 | 15 68 17 111 73 36 . 2 . . 5 7 . . 22 2 79 . 27 1 2 48 . 37 17 19 5 595 Largest 3 | 2 2 2 3 3 3 . 1 . . 1 1 . . 3 1 1 . 1 1 1 1 . 2 1 1 1 3 Hottest 195 | 40 80 83 106 106 106 . 39 . . 39 39 . . 195 39 51 . 51 39 39 56 . 193 113 113 113 172 Shots Fired 2568 | 30 132 32 333 214 102 . 2 . . 5 7 . . 42 2 79 . 27 1 2 48 . 38 17 19 5 1431 Gun 1723 | 30 86 15 260 153 67 . . . . . . . . 34 . . . . . . . . . 5 . . 1073 Cannon 805 | . 45 15 73 61 35 . . . . . . . . 5 . 79 . 27 . . 42 . 36 10 16 5 356 Launcher 39 | . 1 2 . . . . 2 . . 4 7 . . 3 2 . . . 1 2 6 . 2 2 3 . 2 Special 1 | . . . . . . . . . . 1 . . . . . . . . . . . . . . . . . Kinetic 2156 | 30 86 15 260 153 67 . . . . . . . . . . 79 . 27 . . 42 . . . . . 1397 Thermal 327 | . 45 15 73 61 35 . . . . . . . . . . . . . . . . . 36 10 16 5 31 Explosive 32 | . 1 2 . . . . 2 . . 4 7 . . 3 2 . . . 1 2 6 . . . . . 2 Electromagnetic 46 | . . . . . . . . . . . . . . 39 . . . . . . . . 2 2 3 . . Entropic 6 | . . . . . . . . . . . . . . . . . . . . . . . . 5 . . 1 Robot Hit Streak 39 | 6 18 8 12 39 19 . . . . 3 7 . . 17 . 14 . 2 1 . 6 . 4 1 2 1 28 Robot Miss Streak 8 | 2 6 2 4 2 2 . . . . 1 . . . 2 . 2 . 1 . . 5 . 4 8 7 . 6 Penetration Max 2 | . . . . . . . . . . . . . . . . 1 . . . . 1 . . . . . 2 Secondary Targets 27 | . 1 . 1 1 . . . . . . . . . . . . . . . . . . . . . . 24 Max Gunslinging Chain 1 | . 1 . 1 1 . . . . . . . . . . . . . . . . . . . . . . 1 Shots Hit Robots 1673 | 15 78 21 188 148 65 . 15 . 8 23 5 20 1 46 4 62 6 2 11 1 23 1 24 5 10 2 889 Core Hits 845 | 5 35 11 81 53 27 . 7 . 4 15 25 9 . 30 3 16 2 . 6 6 26 . 15 11 6 1 451 Critical Kills 51 | . 1 . 1 1 . . . . . . . . . . . 6 . . 1 . 8 . . . 1 . 32 Critical Parts Destroyed 75 | . 2 . . . 2 . 2 . . . . . . . . 16 1 . 2 . 8 1 1 . . . 40 Critical Strikes 171 | . 3 . 1 1 2 . 2 . . 3 . . . 2 . 24 2 . 3 . 16 1 1 . 1 . 109 Meltdown 2 | . 1 . . 1 . . . . . . . . . . . . . . . . . . . . . . . Destroy 117 | . 2 . 1 . 2 . . . . . . . . . . 23 . . . . 16 . . . . . 73 Blast 34 | . . . . . . . . . . . . . . . . . . . . . . . . . . . 34 Corrupt 1 | . . . . . . . . . . . . . . 1 . . . . . . . . . . . . . Smash 13 | . . . . . . . 2 . . . . . . . . 1 2 . 3 . . 1 1 . 1 . 2 Sever 4 | . . . . . . . . . . 3 . . . 1 . . . . . . . . . . . . . Melee Attacks 410 | . . . . 7 . . 57 . 15 30 . 24 8 30 15 10 6 30 33 18 2 15 34 16 30 6 24 Impact 282 | . . . . 7 . . 39 . . . . . . . 13 10 6 30 33 18 1 15 34 16 30 6 24 Slashing 125 | . . . . . . . 18 . 15 30 . 24 8 30 . . . . . . . . . . . . . Piercing 2 | . . . . . . . . . . . . . . . 2 . . . . . . . . . . . . Entropic 1 | . . . . . . . . . . . . . . . . . . . . . 1 . . . . . . Sneak Attacks 74 | . . . . . . . 9 . 6 11 . 9 . 7 . 3 . . 4 1 . 1 14 2 4 1 2 Combat Hostiles 2 | . . . . . . . . . . 1 . . . . . . . . . . . . 1 . . . . Follow-up Attacks 2 | . . . . . . . . . . . . . . . . . . . 2 . . . . . . . . Damage Inflicted 60184 | 186 1151 554 3092 2606 1070 . 1346 . 645 1443 773 1484 51 2468 421 1039 582 14 1178 461 1121 96 1898 602 766 143 34994 Guns 28041 | 186 674 119 2279 1591 587 . . . . . . . . 669 . . . . . . . . . 30 . . 21906 Cannons 17512 | . 477 220 808 997 470 . . . . . . . . 145 . 721 . 14 . . 428 . 317 . 40 40 12835 Explosions 4423 | . . 215 . . . . 503 . . 236 773 . . 565 115 . . . 436 380 693 . 119 302 86 . . Melee 10128 | . . . . . . . 843 . 645 1207 . 1484 51 1045 306 318 582 . 742 81 . 96 1462 270 640 103 253 Ramming 80 | . . . 5 18 13 . . . . . . . . 44 . . . . . . . . . . . . . Kinetic 41340 | 186 674 119 2279 1591 587 . . . . . . . . . . 721 . 14 . . 428 . . . . . 34741 Thermal 4058 | . 477 220 808 997 470 . 440 . . . . . . 42 . . . . 207 . . . 317 . 40 40 . Explosive 3227 | . . 215 . . . . 63 . . 236 773 . . 523 115 . . . 229 380 693 . . . . . . Electromagnetic 1321 | . . . . . . . . . . . . . . 814 . . . . . . . . 119 302 86 . . Impact 5498 | . . . . . . . 645 . . . . . . . 306 318 582 . 742 81 . 96 1462 270 640 103 253 Slashing 4630 | . . . . . . . 198 . 645 1207 . 1484 51 1045 . . . . . . . . . . . . . Piercing . | . . . . . . . . . . . . . . . . . . . . . . . . . . . . Entropic 30 | . . . . . . . . . . . . . . . . . . . . . . . . 30 . . . Highest Corruption 8 | . . . 7 7 7 . 8 6 8 . . . 1 1 . . . . . . 3 3 . 1 1 1 6 Average Corruption 3 | . . . 6 7 7 . 6 1 3 . . . 1 1 . . . . . . 3 3 . 1 1 1 1 Corruption Purged 26 | . . . . . . . 7 . 12 . . . . 2 . . . . . . . . . . . . 5 Corruption Blocked . | . . . . . . . . . . . . . . . . . . . . . . . . . . . . Effects 244 | . . . 67 46 36 . 11 . 15 . . . 1 6 . . . . . . 6 3 . . 2 1 50 Message Errors 50 | . . . 10 11 11 . 1 . 2 . . . . 1 . . . . . . 1 1 . . 1 . 11 Matter Fused 65 | . . . 16 13 10 . 2 . 9 . . . . . . . . . . . 2 . . . 1 1 11 Heat Flow Errors 35 | . . . 10 5 6 . 2 . 2 . . . . . . . . . . . 1 1 . . . . 8 Energy Discharges 22 | . . . 11 2 3 . 1 . . . . . . . . . . . . . . 1 . . . . 4 Parts Rejected 2 | . . . 1 . . . . . . . . . . 1 . . . . . . . . . . . . . Parts Fused 1 | . . . 1 . . . . . . . . . . . . . . . . . . . . . . . . Data Loss (minor) 37 | . . . 7 11 3 . 3 . 2 . . . . 3 . . . . . . 2 . . . . . 6 Data Loss (major) 15 | . . . 4 3 1 . 2 . . . . . . 1 . . . . . . . . . . . . 4 Misfires 4 | . . . 3 1 . . . . . . . . . . . . . . . . . . . . . . . Alerts 6 | . . . 3 . . . . . . . . . 1 . . . . . . . . . . . . . 2 Weapon Failures 7 | . . . 1 . 2 . . . . . . . . . . . . . . . . . . . . . 4 Overload Shots . | . . . . . . . . . . . . . . . . . . . . . . . . . . . . Overflow Damage 4301 | . . . 16 2 5 . 437 . 204 133 . 389 21 268 113 170 291 . 414 74 . 96 692 32 265 63 616 Projectiles 420 | . . . 16 2 5 . . . . . . . . . . . . . . . . . . . . . 397 Explosions 121 | . . . . . . . 93 . . . . . . 22 . . . . . . . . . . . . 6 Melee 3760 | . . . . . . . 344 . 204 133 . 389 21 246 113 170 291 . 414 74 . 96 692 32 265 63 213 Knockbacks 46 | . . . . . . . 7 . . . . . . . 1 3 . . 2 . . . 8 1 1 . 23 Impact 21 | . . . . . . . 7 . . . . . . . 1 1 . . 2 . . . 7 1 1 . 1 Kinetic 24 | . . . . . . . . . . . . . . . . 2 . . . . . . . . . . 22 Secondary 1 | . . . . . . . . . . . . . . . . . . . . . . . 1 . . . . Self-Inflicted Damage 176 | . . . . . . . . . . . . . . 21 . . . . . . . . 24 . 41 . 90 Shots 9 | . . . . . . . . . . . . . . . . . . . . . . . 2 . 4 . 3 Rammed 11 | . . . 2 3 1 . . . . . . . . 5 . . . . . . . . . . . . . Targets Rammed 12 | . . . 2 4 1 . . . . . . . . 5 . . . . . . . . . . . . . Kicked . | . . . . . . . . . . . . . . . . . . . . . . . . . . . . Crushed 1 | . . . . 1 . . . . . . . . . . . . . . . . . . . . . . . Highest Temperature 369 | . 153 160 369 268 313 . 190 . 141 4 6 . 2 235 . 26 . 30 . . 234 128 354 16 236 110 353 Average Temperature 73 | . 33 75 84 68 86 . 84 . 70 3 3 . 2 77 . 8 . 11 . . 29 50 102 7 68 33 98 Received Heat Transfer 1340 | . 177 126 222 294 72 . 21 . 9 98 18 . 9 63 . 4 . . 30 29 . . . . 9 . 159 Effects 15 | . . . 3 1 . . . . . . . . . 6 . . . . . . . . 1 . . . 4 Energy Bleed 4 | . . . 2 1 . . . . . . . . . . . . . . . . . . . . . . 1 Interference 11 | . . . 1 . . . . . . . . . . 6 . . . . . . . . 1 . . . 3 Siege Activations . | . . . . . . . . . . . . . . . . . . . . . . . . . . . . Martial Activations . | . . . . . . . . . . . . . . . . . . . . . . . . . . . . Shielding Activations . | . . . . . . . . . . . . . . . . . . . . . . . . . . . . Robots Disrupted . | . . . . . . . . . . . . . . . . . . . . . . . . . . . . Combat Hostiles . | . . . . . . . . . . . . . . . . . . . . . . . . . . . . Robots Corrupted 25 | . . . . . . . 5 . . . . . . 2 . . 1 . 2 . . . 9 2 1 . 3 Combat Hostiles 3 | . . . . . . . . . . . . . . 1 . . 1 . 1 . . . . . . . . Parts Fried 64 | . . . . . . . 11 . . . . . . 7 1 1 . . 5 1 . 1 21 4 7 . 5 Impact Corruptions 81 | . . . . . . . 12 . . . . . . . 4 6 6 . 9 1 . 1 24 2 4 1 11 Robots Melted 2 | . 1 . . 1 . . . . . . . . . . . . . . . . . . . . . . . Combat Hostiles 2 | . 1 . . 1 . . . . . . . . . . . . . . . . . . . . . . . Parts Melted 18 | . 4 2 2 5 3 . . . . . . . . . . 1 . . . . . . . . . . 1 Heat Transferred 6872 | . 999 444 1665 1998 996 . 250 . . . . . . 50 . . . . 100 . . . 296 . 37 37 . Parts Sabotaged . | . . . . . . . . . . . . . . . . . . . . . . . . . . . . Parts Stolen . | . . . . . . . . . . . . . . . . . . . . . . . . . . . . Parts Stripped . | . . . . . . . . . . . . . . . . . . . . . . . . . . . . Power Chain Reactions 1 | . . . . . . . . . . . . . . 1 . . . . . . . . . . . . . Alert | -11 -10 -10 -9 -9 -9 -9 -6 -6 -6 -6 -6 -6 -6 -5 -5 -5 -5 -4 -4 -4 -4 -3 -3 -3 -2 -2 -2 ------- Run | Yrd Mat Min Mat Sto Rec Scr Fac Was Fac Ext Cet Arc Hub Fac Upp Upp Zhi Pro Fac Upp War Pro Res Qua Res Tes Frg Maximum Alert Level 5 | . . . 2 2 1 . 1 . . 2 1 1 . 1 . . . . 1 . . . . . . . 5 Low Security (%) 59 | 100 100 100 47 6 91 . 87 100 100 67 . 26 100 91 . . . . 76 . . . 100 100 100 100 14 Level 1 15 | . . . 36 37 8 . 12 . . 10 100 73 . 8 . . . . 23 . . . . . . . 7 Level 2 8 | . . . 15 55 . . . . . 21 . . . . . . . . . . . . . . . . 4 Level 3 . | . . . . . . . . . . . . . . . . . . . . . . . . . . . 3 Level 4 1 | . . . . . . . . . . . . . . . . . . . . . . . . . . . 6 Level 5 14 | . . . . . . . . . . . . . . . . . . . . . . . . . . . 64 High Security . | . . . . . . . . . . . . . . . . . . . . . . . . . . . . Max Security . | . . . . . . . . . . . . . . . . . . . . . . . . . . . . Peak Influence 4448 | 5 110 114 448 554 223 . 285 94 65 685 364 253 187 280 . . . . 342 . . . 24 85 118 85 4448 Initial 364 | . . 15 . 182 193 . . 94 65 . 364 121 67 91 . . . . 21 . . . . . 45 48 12 Average 590 | . 35 13 212 416 141 . 46 94 11 201 318 211 78 86 . . . . 65 . . . 6 44 78 56 2156 Influence Increases 14255 | 20 499 249 1188 918 304 . 596 . 173 1084 329 233 300 671 40 356 5 90 458 275 290 5 210 221 212 84 5445 Destroy 0b10 Robot/C 6320 | . 300 160 720 540 80 . 20 . . 440 160 80 20 220 20 180 . . 100 100 200 . . . . . 2980 Destroy 0b10 Robot/NC 1090 | 20 45 5 140 75 80 . 70 . 30 40 10 45 5 70 10 5 5 . 20 . . 5 90 35 30 10 245 Destroy Leader 1130 | . 68 20 202 160 . . 16 . 2 44 . . 10 48 10 20 . . 12 10 . . 8 4 2 . 494 Allied During Kill 596 | . . . 24 . . . . . . 369 130 61 11 . . 1 . . . . . . . . . . . Successful Hack 433 | . 30 . 25 16 38 . 82 . 46 24 . . 18 43 . . . . 19 . . . 8 . 18 14 52 Select Force Hacks 200 | . 30 . . 30 90 . . . . . . . 50 . . . . . . . . . . . . . . Disable Machine 855 | . 15 . 30 45 15 . 135 . 15 30 . 45 . 45 . . . . 60 . . . . 90 15 30 285 Anti-Garrison Action 150 | . . . . . . . . . . . . . . . . . . . . . . . . . . . 150 Destroy Structure 1036 | . 11 19 2 7 1 . 63 . 5 47 29 2 6 80 . . . . 82 . . . 74 32 87 15 474 Partial Spotted 420 | . . . . 15 . . 15 . 30 . . . 15 75 . . . . 15 . . . 30 60 60 15 90 Lose Combat Pursuer 2025 | . . 45 45 30 . . 195 . 45 90 . . 165 90 . 150 . 90 150 165 90 . . . . . 675 Influence Decreases 9837 | 20 460 288 757 851 769 33 325 177 267 433 677 342 307 588 310 167 194 56 150 617 78 217 210 140 206 149 1049 Entered New Map 2235 | . . 24 . 249 305 33 . 177 29 . 287 182 127 96 100 . 189 . 13 127 . 212 . . 36 39 10 Time Decay 6488 | 20 430 204 677 542 464 . 265 . 218 320 190 120 120 412 200 167 5 56 137 480 68 5 210 140 170 110 758 Lost Part 741 | . 30 60 10 60 . . 60 . 20 70 40 . . 80 10 . . . . 10 10 . . . . . 281 Lost Ally 373 | . . . 70 . . . . . . 43 160 40 60 . . . . . . . . . . . . . . Squads Dispatched 82 | . 3 . 7 6 . . 12 . 7 1 . . 3 7 . . . . 6 . . . 13 1 3 1 12 Investigation 44 | . 2 . 2 4 . . 9 . 5 . . . 1 3 . . . . 4 . . . 7 . 1 . 6 Extermination 12 | . . . . . . . 2 . 2 . . . . 2 . . . . 1 . . . 1 1 1 1 1 Reinforcement 21 | . 1 . 3 1 . . 1 . . 1 . . . 2 . . . . 1 . . . 5 . 1 . 5 Assault 4 | . . . 2 . . . . . . . . . 2 . . . . . . . . . . . . . . Garrison 1 | . . . . 1 . . . . . . . . . . . . . . . . . . . . . . . Intercept . | . . . . . . . . . . . . . . . . . . . . . . . . . . . . Searches Triggered . | . . . . . . . . . . . . . . . . . . . . . . . . . . . . Construction Impeded 1 | . . . . . . . . . . 1 . . . . . . . . . . . . . . . . . Haulers Reinforced 1 | . . . . . . . . . . . . . . . . . . . . . . . 1 . . . . Active Scanning Responses . | . . . . . . . . . . . . . . . . . . . . . . . . . . . . Cargo Convoy Interrupts . | . . . . . . . . . . . . . . . . . . . . . . . . . . . . Stealth | -11 -10 -10 -9 -9 -9 -9 -6 -6 -6 -6 -6 -6 -6 -5 -5 -5 -5 -4 -4 -4 -4 -3 -3 -3 -2 -2 -2 --------- Run | Yrd Mat Min Mat Sto Rec Scr Fac Was Fac Ext Cet Arc Hub Fac Upp Upp Zhi Pro Fac Upp War Pro Res Qua Res Tes Frg Distress Signals 27 | . 2 . 5 2 . . 2 . . 1 2 1 . . . . . . 2 . . . 4 . . . 6 Communications Jammed 31 | . . . . . . . . . . . . . . . . . . . . . . . 11 10 7 2 1 Distress Signals 31 | . . . . . . . . . . . . . . . . . . . . . . . 11 10 7 2 1 Times Spotted 777 | . 25 8 48 35 4 . 21 6 8 29 9 10 18 32 2 16 . 9 21 19 32 7 19 16 11 2 370 Peak Tracking Total 17 | . 4 5 4 4 1 . 8 6 3 6 5 2 10 5 1 5 . 4 9 5 7 7 6 7 2 1 17 Tactical Retreats 82 | . . 1 3 1 . . 7 . 2 3 . . 5 5 1 7 . 2 4 5 2 . 2 2 2 . 28 ECM-based Alert Blocks 8 | . . . . . . . . . . . . . . . . . . . . . . . 3 1 3 . 1 Traps | -11 -10 -10 -9 -9 -9 -9 -6 -6 -6 -6 -6 -6 -6 -5 -5 -5 -5 -4 -4 -4 -4 -3 -3 -3 -2 -2 -2 ------- Run | Yrd Mat Min Mat Sto Rec Scr Fac Was Fac Ext Cet Arc Hub Fac Upp Upp Zhi Pro Fac Upp War Pro Res Qua Res Tes Frg Traps Triggered 27 | . 1 . 5 1 . . 2 . 2 1 . . 1 2 . . . . 1 . . . 3 . 1 1 6 Indirectly 1 | . . . . . . . . . . . . . . . . . . . . . . . 1 . . . . Trap Hack Attempts . | . . . . . . . . . . . . . . . . . . . . . . . . . . . . Triggered . | . . . . . . . . . . . . . . . . . . . . . . . . . . . . Disarmed . | . . . . . . . . . . . . . . . . . . . . . . . . . . . . Reprogrammed . | . . . . . . . . . . . . . . . . . . . . . . . . . . . . Reused 2 | . . . . . . . . . . . . . . . . 2 . . . . . . . . . . . Traps Extracted . | . . . . . . . . . . . . . . . . . . . . . . . . . . . . Installed 4 | . . . . . . . . . . . . . . . . 4 . . . . . . . . . . . Triggered 2 | . . . . . . . . . . . . . . . . 2 . . . . . . . . . . . Machines | -11 -10 -10 -9 -9 -9 -9 -6 -6 -6 -6 -6 -6 -6 -5 -5 -5 -5 -4 -4 -4 -4 -3 -3 -3 -2 -2 -2 ---------- Run | Yrd Mat Min Mat Sto Rec Scr Fac Was Fac Ext Cet Arc Hub Fac Upp Upp Zhi Pro Fac Upp War Pro Res Qua Res Tes Frg Machines Disabled 68 | . 1 . 2 3 1 . 9 . 1 4 . 3 . 3 2 . . . 4 1 3 . . 6 1 2 22 Max in Single Turn 7 | . 1 . 1 1 1 . 7 . 1 . . . . 1 1 . . . 4 1 2 . . 1 1 1 2 Garrison Access 8 | . . . . 1 . . 1 . 1 . . . 1 2 . . . . . . . . 1 . . . 1 Network Hub 1 | . . . . . . . . . . . . . 1 . . . . . . . . . . . . . . Energy Cycler 1 | . . . . . . . . . . 1 . . . . . . . . . . . . . . . . . Machines Repaired . | . . . . . . . . . . . . . . . . . . . . . . . . . . . . Machines Dismantled . | . . . . . . . . . . . . . . . . . . . . . . . . . . . . Machines Sabotaged 1 | . . . . . . . . . . . . . 1 . . . . . . . . . . . . . . Overloaded Fab Kills . | . . . . . . . . . . . . . . . . . . . . . . . . . . . . Hacking | -11 -10 -10 -9 -9 -9 -9 -6 -6 -6 -6 -6 -6 -6 -5 -5 -5 -5 -4 -4 -4 -4 -3 -3 -3 -2 -2 -2 --------- Run | Yrd Mat Min Mat Sto Rec Scr Fac Was Fac Ext Cet Arc Hub Fac Upp Upp Zhi Pro Fac Upp War Pro Res Qua Res Tes Frg Machines Accessed 150 | . 8 . 11 10 9 3 21 . 12 11 . . 3 12 3 1 4 . 6 3 4 . 10 2 3 5 9 Terminals 79 | . 7 . 8 8 6 . 10 . 7 11 . . 3 5 . . . . 1 . . . 2 1 1 5 4 Fabricators 9 | . . . . . . . 2 . 3 . . . . 1 . . . . . . . . . . 2 . 1 Repair Stations 1 | . . . . . . . . . . . . . . 1 . . . . . . . . . . . . . Recycling Units 24 | . 1 . 1 1 3 . 4 . . . . . . 2 . . . . 4 . . . 5 . . . 3 Scanalyzers 9 | . . . 2 . . . 2 . 1 . . . . 1 . . . . 1 . . . 1 1 . . . Garrison Access 10 | . . . . 1 . . 3 . 1 . . . . 2 . . . . . . . . 2 . . . 1 Total Hacks 422 | . 25 . 39 32 24 17 41 . 33 15 . . 5 26 8 1 17 . 11 7 14 . 26 5 21 24 31 Successful 251 | . 18 . 24 15 18 17 21 . 22 11 . . 2 16 8 1 17 . 8 7 14 . 9 2 7 5 9 Failed 169 | . 7 . 14 17 6 . 19 . 11 4 . . 3 10 . . . . 3 . . . 17 3 14 19 22 Catastrophic 32 | . . . . 3 . . 2 . 1 . . . . . . . . . 1 . . . 6 2 4 7 6 Database Lockouts 2 | . . . 1 . . . 1 . . . . . . . . . . . . . . . . . . . . Manual 213 | . 22 . 22 23 16 . 26 . 12 . . . 5 11 . . . . 4 . . . 20 3 12 20 17 Terminals 226 | . 22 . 27 29 18 . 22 . 16 15 . . 5 13 . . . . 1 . . . 5 2 6 24 21 Fabricators 35 | . . . . . . . 5 . 11 . . . . 1 . . . . . . . . . . 15 . 3 Repair Stations 2 | . . . . . . . . . . . . . . 2 . . . . . . . . . . . . . Recycling Units 45 | . 3 . 2 2 6 . 6 . . . . . . 2 . . . . 5 . . . 15 . . . 4 Scanalyzers 34 | . . . 10 . . . 4 . 3 . . . . 6 . . . . 5 . . . 3 3 . . . Garrison Access 16 | . . . . 1 . . 4 . 3 . . . . 2 . . . . . . . . 3 . . . 3 Terminal Hacks 117 | . 4 . 4 3 3 17 4 . 8 11 . . 1 4 8 1 17 . 1 7 14 . 2 2 1 3 2 Record 31 | . . . . . . 9 . . 1 . . . . . 7 . 5 . . 5 2 . . 2 . . . Part Schematic 5 | . . . . . . . 1 . . . . . . . . . 4 . . . . . . . . . . Robot Analysis 18 | . 4 . . 1 1 7 . . . 1 . . . . . . 4 . . . . . . . . . . Prototype ID Bank 17 | . . . 1 . 1 . . . . . . . . . . . 4 . . . 11 . . . . . . Open Door 17 | . . . . 1 . . 1 . 1 9 . . . . 1 1 . . . 2 1 . . . . . . Level Access Points 2 | . . . . . . . . . . . . . 1 . . . . . . . . . . . 1 . . Branch Access Points 4 | . . . . . . . . . 1 . . . . 1 . . . . 1 . . . 1 . . . . Fabricator Index 2 | . . . . . . . 1 . 1 . . . . . . . . . . . . . . . . . . Recycling Unit Index 2 | . . . . . . . . . . . . . . 1 . . . . . . . . . . . 1 . Scanalyzer Index 1 | . . . . . . . . . 1 . . . . . . . . . . . . . . . . . . Alert Level 1 | . . . . . . . . . . . . . . . . . . . . . . . . . . 1 . Locate Traps 4 | . . . 1 . . . 1 . . 1 . . . 1 . . . . . . . . . . . . . Security Status 2 | . . . 1 . . . . . 1 . . . . . . . . . . . . . . . . . . Hauler Manifests 2 | . . . 1 1 . . . . . . . . . . . . . . . . . . . . . . . Registered Prototypes 1 | . . . . . . . . . 1 . . . . . . . . . . . . . . . . . . Zone Layout 7 | . . . . . 1 . . . 1 . . . . 1 . . . . . . . . 1 . . 1 2 Proto ID Catalog 1 | . . . . . . 1 . . . . . . . . . . . . . . . . . . . . . Fabricator Hacks 14 | . . . . . . . 2 . 6 . . . . 1 . . . . . . . . . . 4 . 1 Network Status 2 | . . . . . . . . . . . . . . 1 . . . . . . . . . . 1 . . Load Schematic 9 | . . . . . . . 2 . 4 . . . . . . . . . . . . . . . 2 . 1 Build 3 | . . . . . . . . . 2 . . . . . . . . . . . . . . . 1 . . Repair Station Hacks 2 | . . . . . . . . . . . . . . 2 . . . . . . . . . . . . . Scan Component 1 | . . . . . . . . . . . . . . 1 . . . . . . . . . . . . . Repair 1 | . . . . . . . . . . . . . . 1 . . . . . . . . . . . . . Recycling Unit Hacks 7 | . 2 . . 1 2 . 1 . . . . . . . . . . . 1 . . . . . . . . Retrieve Components 7 | . 2 . . 1 2 . 1 . . . . . . . . . . . 1 . . . . . . . . Scanalyzer 17 | . . . 7 . . . 2 . 1 . . . . 4 . . . . 2 . . . 1 . . . . Insert Component 6 | . . . 4 . . . 1 . 1 . . . . . . . . . . . . . . . . . . Analyze 3 | . . . 2 . . . 1 . . . . . . . . . . . . . . . . . . . . Retrieve Study 8 | . . . 1 . . . . . . . . . . 4 . . . . 2 . . . 1 . . . . Garrison Access Hacks 6 | . . . . 1 . . 1 . 1 . . . . 2 . . . . . . . . 1 . . . . Seal Access 6 | . . . . 1 . . 1 . 1 . . . . 2 . . . . . . . . 1 . . . . Unauthorized Hacks 88 | . 12 . 13 10 13 . 11 . 6 . . . 1 3 . . . . 4 . . . 5 . 2 2 6 Terminals 61 | . 11 . 13 9 10 . 5 . 4 . . . 1 1 . . . . . . . . 1 . 1 2 3 Track 6 | . . . . . . . 1 . . . . . . . . . . . . . . . 1 . . 1 3 Assimilate 5 | . 1 . 1 . . . 1 . 1 . . . . 1 . . . . . . . . . . . . . Botnet 26 | . 4 . 6 3 5 . 3 . 3 . . . . . . . . . . . . . . . 1 1 . Operators 2 | . 1 . 1 . . . . . . . . . . . . . . . . . . . . . . . . Skim 21 | . 5 . 5 6 5 . . . . . . . . . . . . . . . . . . . . . . Sabotage 1 | . . . . . . . . . . . . . 1 . . . . . . . . . . . . . . Fabricators 5 | . . . . . . . 2 . 2 . . . . . . . . . . . . . . . 1 . . Prioritize 1 | . . . . . . . . . 1 . . . . . . . . . . . . . . . . . . Recompile 4 | . . . . . . . 2 . 1 . . . . . . . . . . . . . . . 1 . . Repair Stations . | . . . . . . . . . . . . . . . . . . . . . . . . . . . . Recycling Units 22 | . 1 . . 1 3 . 4 . . . . . . 2 . . . . 4 . . . 4 . . . 3 Tunnel 5 | . 1 . . 1 3 . . . . . . . . . . . . . . . . . . . . . . Fedlink 17 | . . . . . . . 4 . . . . . . 2 . . . . 4 . . . 4 . . . 3 Scanalyzers . | . . . . . . . . . . . . . . . . . . . . . . . . . . . . Garrison Access . | . . . . . . . . . . . . . . . . . . . . . . . . . . . . Data Cores Recovered 2 | . . . . 1 . . . . 1 . . . . . . . . . . . . . . . . . . Used 1 | . . . . 1 . . . . . . . . . . . . . . . . . . . . . . . Hacking Detections 77 | . 7 . 7 8 7 . 16 . 10 4 . . 1 5 . . . . 1 . . . 3 . 1 3 4 Full Trace Events 16 | . 1 . 2 2 . . 3 . 4 . . . . 1 . . . . . . . . 1 . . . 2 Feedback Events 3 | . . . 2 . . . . . 1 . . . . . . . . . . . . . . . . . . Corruption 3 | . . . 2 . . . . . 1 . . . . . . . . . . . . . . . . . . Feedback Blocked . | . . . . . . . . . . . . . . . . . . . . . . . . . . . . Robot Schematics Acquired . | . . . . . . . . . . . . . . . . . . . . . . . . . . . . Robots Built . | . . . . . . . . . . . . . . . . . . . . . . . . . . . . Authchips . | . . . . . . . . . . . . . . . . . . . . . . . . . . . . Time . | . . . . . . . . . . . . . . . . . . . . . . . . . . . . Total Robot Build Rating . | . . . . . . . . . . . . . . . . . . . . . . . . . . . . Part Schematics Acquired 8 | . . . 2 . . . 2 . . . . . . . . . 4 . . . . . . . . . . Parts Built 3 | . . . . . . . . . 2 . . . . . . . . . . . . . . . 1 . . Authchips 3 | . . . . . . . . . 2 . . . . . . . . . . . . . . . 1 . . Time 146 | . . . . . . . . . 70 . . . . . . . . . . . . . . . 76 . . Total Part Build Rating 15 | . . . . . . . . . 10 . . . . . . . . . . . . . . . 5 . . Part Studies Acquired 8 | . . . 1 . . . . . . . . . . 4 . . . . 2 . . . 1 . . . . Parts Repaired 1 | . . . . . . . . . . . . . . 1 . . . . . . . . . . . . . Time 44 | . . . . . . . . . . . . . . 44 . . . . . . . . . . . . . Parts Recycled . | . . . . . . . . . . . . . . . . . . . . . . . . . . . . Recycled Matter . | . . . . . . . . . . . . . . . . . . . . . . . . . . . . Retrieved Matter . | . . . . . . . . . . . . . . . . . . . . . . . . . . . . Retrieved Components 7 | . . . . 3 3 . 1 . . . . . . . . . . . . . . . . . . . . Parts Scanalyzed 4 | . . . 2 . . . 1 . 1 . . . . . . . . . . . . . . . . . . Part Schematics Acquired 3 | . . . 2 . . . 1 . . . . . . . . . . . . . . . . . . . . Parts Damaged 1 | . . . . . . . . . 1 . . . . . . . . . . . . . . . . . . Bothacking | -11 -10 -10 -9 -9 -9 -9 -6 -6 -6 -6 -6 -6 -6 -5 -5 -5 -5 -4 -4 -4 -4 -3 -3 -3 -2 -2 -2 ------------ Run | Yrd Mat Min Mat Sto Rec Scr Fac Was Fac Ext Cet Arc Hub Fac Upp Upp Zhi Pro Fac Upp War Pro Res Qua Res Tes Frg Used RIF Installer . | . . . . . . . . . . . . . . . . . . . . . . . . . . . . Robots Hacked . | . . . . . . . . . . . . . . . . . . . . . . . . . . . . Non-combat . | . . . . . . . . . . . . . . . . . . . . . . . . . . . . Combat . | . . . . . . . . . . . . . . . . . . . . . . . . . . . . Robot Hacks Applied . | . . . . . . . . . . . . . . . . . . . . . . . . . . . . Relay Couplers Released 5 | . . . . . . . . . . . . . 3 . . . . . . . . . . . . . 2 Machine Destruction 5 | . . . . . . . . . . . . . 3 . . . . . . . . . . . . . 2 Fabnet Peak Effective % . | . . . . . . . . . . . . . . . . . . . . . . . . . . . . Robots Rewired 14 | . . . . . 1 . . . . 12 . . . . . 1 . . . . . . . . . . . Allies Hacked . | . . . . . . . . . . . . . . . . . . . . . . . . . . . . Hacks Repelled . | . . . . . . . . . . . . . . . . . . . . . . . . . . . . Allies | -11 -10 -10 -9 -9 -9 -9 -6 -6 -6 -6 -6 -6 -6 -5 -5 -5 -5 -4 -4 -4 -4 -3 -3 -3 -2 -2 -2 -------- Run | Yrd Mat Min Mat Sto Rec Scr Fac Was Fac Ext Cet Arc Hub Fac Upp Upp Zhi Pro Fac Upp War Pro Res Qua Res Tes Frg Total Allies 33 | . 1 3 . . 1 . 1 . 1 24 . . . 1 . 1 . . . . . . . . . . . Largest Group 20 | . 1 4 4 . 1 1 1 . 1 20 18 7 5 1 . 1 1 1 . . . . . . . . . Highest-Rated Group 710 | . 10 50 50 . 10 10 10 . 26 710 520 211 146 26 . 27 27 27 . . . . . . . . . Highest-Rated Ally 159 | . 10 16 16 . 10 10 10 . 26 159 39 39 39 26 . 27 27 27 . . . . . . . . . Initial UFD Resources 104 | . . . . . . . 24 42 42 42 42 42 42 45 59 59 59 61 61 79 79 82 82 100 104 104 104 Total Orders 28 | . . 4 9 . 3 1 1 . 1 2 2 3 1 1 . . . . . . . . . . . . . STAY 14 | . . 1 5 . 1 1 1 . 1 1 . 1 1 1 . . . . . . . . . . . . . ROAM 2 | . . 1 . . . . . . . . 1 . . . . . . . . . . . . . . . . FOLLOW 9 | . . 2 4 . 1 . . . . 1 . 1 . . . . . . . . . . . . . . . AID 2 | . . . . . . . . . . . 1 1 . . . . . . . . . . . . . . . PICKUP 1 | . . . . . 1 . . . . . . . . . . . . . . . . . . . . . . Ally Attacks 340 | . . . 47 . . . . . . 162 85 29 16 . . . . 1 . . . . . . . . . Total Damage 6000 | . . . 495 . . . . . . 3072 1623 551 226 . . . . 33 . . . . . . . . . Kills 45 | . . . 6 . . . . . . 23 11 3 2 . . . . . . . . . . . . . . Allies Corrupted 2 | . . . . . . . 1 . . . . . 1 . . . . . . . . . . . . . . Allies Melted 3 | . . . . . . . . . . . . . 1 . . . . . . . . . . . . . 2 Intel | -11 -10 -10 -9 -9 -9 -9 -6 -6 -6 -6 -6 -6 -6 -5 -5 -5 -5 -4 -4 -4 -4 -3 -3 -3 -2 -2 -2 ------- Run | Yrd Mat Min Mat Sto Rec Scr Fac Was Fac Ext Cet Arc Hub Fac Upp Upp Zhi Pro Fac Upp War Pro Res Qua Res Tes Frg Active Infowar (turns) 21499 | 63 1780 1504 3166 498 . 1 892 16 839 836 256 . . 306 721 1098 185 577 361 1241 816 158 698 290 347 236 4614 Optics 10588 | . . . . . . . . . . . . . . . . 1079 185 577 361 1241 816 158 698 276 347 236 4614 Sensors 10959 | . . . . . . . 879 16 839 836 256 . . 305 721 895 185 577 361 1241 816 158 698 276 347 236 1317 Terrain 577 | . . . . . . 1 576 . . . . . . . . . . . . . . . . . . . . Structural 3 | . . . 3 . . . . . . . . . . . . . . . . . . . . . . . . Seismic 7006 | 63 1780 1504 3163 496 . . . . . . . . . . . . . . . . . . . . . . . T.N.C. 2 | . . . . 2 . . . . . . . . . . . . . . . . . . . . . . . Machine Analysis 1 | . . . . . . . . . . . . . . 1 . . . . . . . . . . . . . Jamming 2004 | . . . . . . . . . . . . . . . . . . . . . 3 3 659 290 347 236 466 ECM 1500 | . . . . . . . . . . . . . . . . . . . . . . . 237 218 347 233 465 Robot Analysis Total 18 | . 4 . . 1 1 7 . . . 1 . . . . . . 4 . . . . . . . . . . Derelict Logs Recovered 8 | . . 1 . . . . . . . . . . . . 3 2 . 1 . 1 . . . . . . . Drone Launches . | . . . . . . . . . . . . . . . . . . . . . . . . . . . . Drone Recoveries . | . . . . . . . . . . . . . . . . . . . . . . . . . . . . Exploration | -11 -10 -10 -9 -9 -9 -9 -6 -6 -6 -6 -6 -6 -6 -5 -5 -5 -5 -4 -4 -4 -4 -3 -3 -3 -2 -2 -2 ------------- Run | Yrd Mat Min Mat Sto Rec Scr Fac Was Fac Ext Cet Arc Hub Fac Upp Upp Zhi Pro Fac Upp War Pro Res Qua Res Tes Frg Turns Passed 28233 | 188 1780 1515 3238 1559 1164 2794 925 16 840 848 388 257 241 1118 721 1098 185 577 361 1241 816 158 698 290 347 236 4634 Spaces Moved 29958 | 83 859 616 1702 752 630 1849 2078 64 1311 1107 478 314 382 1468 1285 1375 183 1019 723 1752 1002 533 1457 629 679 594 5034 Core 15 | 3 . . . . . 1 . . . . . 3 . . . . . . . . . . . . . . 8 Treads 5750 | 79 381 536 1702 752 630 1366 . . . . . . . . . . . . . . . . . . . . 304 Legs 12 | . . . . . . . . . . . . . . . . . . . . . . . . . . . 12 Wheels 1307 | 1 478 80 . . . . . . . . . . . . . . . . . 234 456 . . . . . 58 Hover 4796 | . . . . . . . . . . . . 141 382 1468 1285 1375 94 . . . . . . . . . 51 Flight 18078 | . . . . . . 482 2078 64 1311 1107 478 170 . . . . 89 1019 723 1518 546 533 1457 629 679 594 4601 Fastest Speed 12 | 50 110 145 160 160 160 99 24 25 25 23 24 27 44 36 40 42 29 20 29 32 24 14 12 12 22 14 14 Average Speed 64 | 155 166 227 160 160 160 144 25 25 37 24 41 38 44 48 44 42 41 28 30 42 63 23 20 21 22 21 44 Slowest Speed 455 | 160 240 240 240 240 160 400 239 25 105 93 97 120 44 112 45 42 455 29 34 110 110 24 21 160 22 22 310 Overloaded Moves 195 | . . . . . . . . . . . . . . 10 1 . . 24 . . . 12 11 31 . 13 93 Propulsion Burnouts 1 | . . . . . . . . . . . . . . . . . . . . . . . . . . . 1 Robots Hopped 57 | . . . . . . . 2 . . 4 . . . . . . . . 3 . . 1 20 1 3 . 23 Potential Cave-ins 25 | . . . . . . . . . . . . . . . . . . . 2 . . . . . . . 23 Cave-ins Triggered 2 | . . . . . . . 1 . . . . . . . . . . . . . . . . . . . 1 Teleports 3 | . . . . . . . . . . . . . . . . . . . . . . . . 2 . . 1 Exploration Rate (%) 66 | 4 99 98 96 93 97 89 48 61 31 80 63 98 28 32 94 95 61 86 25 96 85 77 37 58 14 53 68 Regions Visited 27 Branch Regions 18 Pre-discovered Areas 20 | . 2 . 2 3 6 . 1 . . . . . . . . . 3 1 . 2 . . . . . . . Known Exits Taken 22 | . 1 1 1 . 1 . . . 1 1 1 1 1 1 1 1 1 1 1 1 1 1 1 1 1 1 . Unknown Exits Taken 3 | 1 . . . 1 . 1 . . . . . . . . . . . . . . . . . . . . . Scrap Searched 22 | . . 1 . . . 11 . . . . . . . . 2 3 . 1 . 2 . 2 . . . . . Spaces Dug 277 | . . . . . . . 42 . 5 2 . . 6 8 9 6 . 31 12 11 . 14 30 13 26 5 57 Terrain Destroyed 806 | . 13 34 . . . . 66 . 5 46 67 . 6 58 45 9 . 31 44 34 15 14 43 14 31 5 226 Melee 184 | . . . . . . . 24 . 5 2 . . 6 8 9 6 . 30 12 11 . 14 18 7 16 2 14 Projectile 252 | . . . . . . . . . . . . . . . . 1 . . . . 1 . 25 7 15 3 200 AOE 366 | . 13 34 . . . . 42 . . 44 67 . . 50 36 . . . 32 23 14 . . . . . 11 Terrain Rammed . | . . . . . . . . . . . . . . . . . . . . . . . . . . . . Walls Destroyed . | . . . . . . . . . . . . . . . . . . . . . . . . . . . . Machines Disabled . | . . . . . . . . . . . . . . . . . . . . . . . . . . . . Actions | -11 -10 -10 -9 -9 -9 -9 -6 -6 -6 -6 -6 -6 -6 -5 -5 -5 -5 -4 -4 -4 -4 -3 -3 -3 -2 -2 -2 --------- Run | Yrd Mat Min Mat Sto Rec Scr Fac Was Fac Ext Cet Arc Hub Fac Upp Upp Zhi Pro Fac Upp War Pro Res Qua Res Tes Frg Total 36774 | 109 1074 696 1967 929 713 1970 2366 63 1643 1623 659 412 442 1789 1420 1806 288 1246 828 2236 1123 547 1756 750 823 691 6805 Wait 4118 | . 122 50 76 44 19 43 145 . 266 392 150 61 53 179 99 300 68 162 67 462 44 1 200 63 92 67 893 Move 29827 | 82 858 615 1701 751 629 1848 2074 63 1310 1098 477 313 381 1467 1284 1374 182 1018 716 1751 1001 530 1422 626 672 593 4991 Hop 47 | . . . . . . . 2 . . 4 . . . . . . . . 3 . . 1 14 1 3 . 19 Pick Up 192 | 5 13 5 22 6 8 35 14 . 8 6 5 . . 16 3 3 3 . 2 . . . . 8 1 3 26 Fast Attach 231 | 7 . 1 12 6 . 13 12 . 15 8 9 6 . 21 4 3 11 . 3 2 13 . 9 2 2 5 67 Attach 116 | . 3 5 11 5 . 1 20 . 7 6 2 1 . 9 5 . 2 5 2 1 1 . 1 7 2 . 20 Detach 51 | . . . 2 1 . . 4 . 3 2 1 1 . 5 2 1 1 4 1 1 2 . 1 2 1 . 16 Swap 97 | . 6 3 10 17 . 3 13 . 2 3 . 1 . 9 1 3 . . . 1 2 . 1 2 . 4 16 Drop 296 | . 4 . 20 15 11 27 23 . 17 8 8 5 . 26 5 5 15 . 4 3 10 . 7 6 1 8 68 Fire 1188 | 15 68 17 111 73 36 . 2 . . 5 7 . . 22 2 79 . 27 1 2 48 . 37 17 19 5 595 Melee 401 | . . . . 7 . . 57 . 15 30 . 24 8 30 15 10 6 30 29 13 2 15 34 16 30 6 24 Ram 5 | . . . . . . . . . . . . . . 5 . . . . . . . . . . . . . Kick . | . . . . . . . . . . . . . . . . . . . . . . . . . . . . Crush 7 | . . . 2 4 1 . . . . . . . . . . . . . . . . . . . . . . Escape Stasis 89 | . . . . . . . . . . 15 . . . . . . . . . . . . 30 . . . 44 Rewire 79 | . . . . . 9 . . . . 46 . . . . . 24 . . . . . . . . . . . Trap 4 | . . . . . . . . . . . . . . . . 4 . . . . . . . . . . . Miscellaneous 26 | . . . . . . . . . . . . . . . . . . . . . . . . . . . 26 Route ------- -11/Scrapyard -10/Materials (discovered 6 exits: *Mat x3 / *Min x2 / *Sub) -10/Mines (discovered 2 exits: *Mat x2) -9/Materials (discovered 6 exits: *Mat x3 / *Min x2 / *Sto) -9/Storage (discovered 2 exits: *Mat / *Rec) -9/Recycling (discovered 2 exits: *Fac / *Scr) -9/Scraptown (discovered 2 exits: *Fac x2) -6/Factory (discovered 5 exits: *Fac x2 / *Low x2 / *Ext) -6/Waste -6/Factory (discovered 5 exits: *Fac / *Low x2 / *Ext x2) -6/Extension (discovered 2 exits: *Fac / *Cet) -6/Cetus (discovered 2 exits: *Fac / *Arc) -6/Archives (discovered 3 exits: *Fac / *Hub x2) -6/Hub_04(d) (discovered 4 exits: *Fac x4) -5/Factory (discovered 3 exits: *Fac / *Upp x2) -5/Upper Caves -5/Upper Caves (discovered 2 exits: *Fac / *Zhi) -5/Zhirov -4/Proximity Caves -4/Factory (discovered 3 exits: Res / *Upp x2) -4/Upper Caves (discovered 2 exits: *Upp / *War) -4/Warlord -3/Proximity Caves -3/Research (discovered 4 exits: *Res / Arm / *Qua x2) -3/Quarantine -2/Research (discovered 4 exits: Acc x3 / *Tes) -2/Testing (discovered 3 exits: *Acc / *Sec / *Frg) -2/Protoforge History --------- Turn | Location | Event 39 | -11/Scrapyard | Discovered new exit (range 15) 189 | -11/Scrapyard | Entered Materials 216 | -10/Materials | Discovered new exit (range 16) 304 | -10/Materials | Build established: Mutant 607 | -10/Materials | Discovered new exit (range 15) 612 | -10/Materials | Discovered new exit (range 8) 989 | -10/Materials | Derelicts attacked the area 1127 | -10/Materials | Learned Storage emergency access door positions 1200 | -10/Materials | Learned Storage emergency access door positions 1209 | -10/Materials | Discovered new exit (range 12) 1314 | -10/Materials | Identified exit to Mines 1314 | -10/Materials | Identified exit to Subcaves 1350 | -10/Materials | Discovered new exit (range 16) 1357 | -10/Materials | Identified exit to Materials 1488 | -10/Materials | Learned 4 Recycling zone layouts 1969 | -10/Materials | Entered Mines 1969 | -10/Mines | Accompanied by 1 ally 2124 | -10/Mines | Core integrity fell below 50% 2148 | -10/Mines | Lost 5 parts (1p2n2w) 2526 | -10/Mines | Discovered exit to Materials (range 10) 3032 | -10/Mines | Discovered exit to Materials (range 7) 3414 | -10/Mines | Assisted by bots powering up and referring to "LRC-V3" 3484 | -10/Mines | Entered Materials 3484 | -9/Materials | Accompanied by 4 allies 3484 | -9/Materials | Evolved 2 slots: Propulsion x1, Weapon x1 3485 | -9/Materials | Identified exit to Mines 3485 | -9/Materials | Identified exit to Storage 3604 | -9/Materials | Central database locked down 3801 | -9/Materials | Build established: Scavenger-Gunner 4792 | -9/Materials | Discovered new exit (range 15) 5642 | -9/Materials | Discovered new exit (range 5) 6142 | -9/Materials | Discovered new exit (range 15) 6433 | -9/Materials | Loaded intel: 16 trap records 6455 | -9/Materials | Identified exit to Materials 6684 | -9/Materials | First assault squad dispatched 6722 | -9/Materials | Entered Storage 6827 | -9/Storage | Garrison activated, responded to threat 7136 | -9/Storage | Used back door to open Recycling access 7136 | -9/Storage | Discovered new exit (range 5) 7496 | -9/Storage | Destroyed 7 combat bots 7683 | -9/Storage | Learned Materials garrison access intel 7753 | -9/Storage | Learned location of 2 exits from Materials 7863 | -9/Storage | Learned location of Armory (-3) 7864 | -9/Storage | Learned Materials stockpile data 7954 | -9/Storage | Learned Materials garrison access intel 8014 | -9/Storage | Learned location of 2 exits from Materials 8281 | -9/Storage | Entered Recycling 8282 | -9/Recycling | Identified exit to Factory 8290 | -9/Recycling | Build established: Gunner 8914 | -9/Recycling | Learned location of Zion (-6) 8979 | -9/Recycling | Identified exit to Scraptown 9004 | -9/Recycling | Learned Storage non-interactive machine intel 9403 | -9/Recycling | Scanned before Scraplab entrance 9428 | -9/Recycling | Entered Scraplab 9445 | -9/Recycling | Entered Scraptown 9445 | -9/Scraptown | Accompanied by 1 ally 9445 | -9/Scraptown | System corruption cleaned by C-Scrubber 9639 | -9/Scraptown | Heard Great Nut preacher, LISTEN AND RECITE! 9655 | -9/Scraptown | Visited Fellowship of the Rings 9677 | -9/Scraptown | Visited Cyclists 9690 | -9/Scraptown | Visited CPS Storage 9694 | -9/Scraptown | Build established: Mutant 9729 | -9/Scraptown | Visited Bundlers 9809 | -9/Scraptown | Visited Awakened 9844 | -9/Scraptown | Visited IN-MT5's Study 9941 | -9/Scraptown | Discovered new exit (range 11) 10343 | -9/Scraptown | Visited UFD Registry 10343 | -9/Scraptown | Registered with UFD as "Armorform" 10396 | -9/Scraptown | Visited Research Penetration Think Tank 10434 | -9/Scraptown | Visited LU-1G1's Boring Crew 10460 | -9/Scraptown | Visited Junk Repository 10506 | -9/Scraptown | Visited Curators Association 10554 | -9/Scraptown | Visited Analyses Database 10589 | -9/Scraptown | Visited Derelict Rescue Squad 10613 | -9/Scraptown | Visited DA-N13 Charitable Foundation 10631 | -9/Scraptown | Found DCF Scrap (29 items) 10660 | -9/Scraptown | Visited Junk Repository 10703 | -9/Scraptown | Visited Science Guys 11422 | -9/Scraptown | Visited Assassins FH 11496 | -9/Scraptown | Entered Cyclist Reading Room 11789 | -9/Scraptown | Discovered new exit (range 3) 11997 | -9/Scraptown | Found DRS Beacon 12175 | -9/Scraptown | Met Optimus 12175 | -9/Scraptown | Accepted into 0bPrime 12239 | -9/Scraptown | Entered Factory 12239 | -6/Factory | Evolved 6 slots: Propulsion x2, Utility x4 12370 | -6/Factory | Loaded intel: 8 recycling unit locations 12375 | -6/Factory | Learned location of Protoforge (-2) 12392 | -6/Factory | Discovered new exit (range 6) 12402 | -6/Factory | Discovered new exit (range 11) 12415 | -6/Factory | Identified exit to Factory 12475 | -6/Factory | Discovered exit to Factory (range 7) 12561 | -6/Factory | Discovered new exit (range 15) 12597 | -6/Factory | Build established: Scout 12602 | -6/Factory | Central database locked down 12656 | -6/Factory | Crushed by falling debris 12687 | -6/Factory | Lost 3 parts (1n2u) 12888 | -6/Factory | Watched by a mysterious "MATRIX" hacker. 12959 | -6/Factory | Discovered new exit (range 16) 12963 | -6/Factory | Identified exit to Lower Caves 13164 | -6/Factory | Sucked down chute 13164 | -6/Factory | Entered Waste 13169 | -6/Waste | Spotted C-40 Crusher 13169 | -6/Waste | Spotted C-40 Crusher 13171 | -6/Waste | Spotted C-40 Crusher 13172 | -6/Waste | Spotted C-40 Crusher 13176 | -6/Waste | Spotted C-40 Crusher 13176 | -6/Waste | Spotted C-40 Crusher 13177 | -6/Waste | Build established: Hacker-Sprinter 13177 | -6/Waste | Discovered new exit (range 15) 13179 | -6/Waste | EMP discharged 13180 | -6/Waste | Identified exit to Factory 13180 | -6/Waste | Entered Factory 13207 | -6/Factory | Identified exit to Extension 13582 | -6/Factory | Discovered exit to Factory (range 10) 13663 | -6/Factory | Fabricated Imp. Hacking Suite (x1) 13689 | -6/Factory | Fabricated Imp. Hacking Suite (x1) 14020 | -6/Factory | Entered Extension 14222 | -6/Extension | Rescued a captive Derelict 14223 | -6/Extension | Rescued a captive Derelict 14230 | -6/Extension | Rescued a captive Derelict 14232 | -6/Extension | Rescued a captive Derelict 14239 | -6/Extension | Rescued a captive Derelict 14240 | -6/Extension | Rescued a captive Derelict 14242 | -6/Extension | Rescued a captive Derelict 14245 | -6/Extension | Rescued a captive Derelict 14251 | -6/Extension | Rescued a captive Derelict 14319 | -6/Extension | Rescued a captive Derelict 14432 | -6/Extension | Spotted B-75 Beast 14467 | -6/Extension | Allies destroyed B-75 Beast 14508 | -6/Extension | Spotted B-75 Beast 14544 | -6/Extension | Allies destroyed B-75 Beast 14553 | -6/Extension | Attached CPS modules to A7. 14554 | -6/Extension | Rescued A7 14693 | -6/Extension | Rescued a captive Derelict 14705 | -6/Extension | Energy Cycler disabled 14782 | -6/Extension | Discovered exit to Factory (range 10) 14782 | -6/Extension | Discovered new exit (range 6) 14783 | -6/Extension | Lost 3 parts (1p1n1u) 14792 | -6/Extension | Identified exit to Cetus 14809 | -6/Extension | Murdered A7 14810 | -6/Extension | Extracted ID and sensor layout for unrecognized location from A7's data core 14813 | -6/Extension | Found Prototype Protection 14814 | -6/Extension | Identified Med. Regenerative Plating 14868 | -6/Extension | Entered Cetus 14868 | -6/Cetus | Accompanied by 18 allies 14887 | -6/Cetus | Spotted Cetus Guard 14889 | -6/Cetus | Spotted Cetus Guard 14889 | -6/Cetus | Spotted Cetus Guard 14903 | -6/Cetus | Allies destroyed Cetus Guard 14908 | -6/Cetus | Spotted Cetus Guard 14918 | -6/Cetus | Allies destroyed Cetus Guard 14923 | -6/Cetus | Allies destroyed Cetus Guard 14960 | -6/Cetus | Lost 9 allies 15000 | -6/Cetus | Discovered new exit (range 15) 15013 | -6/Cetus | Identified exit to Archives 15114 | -6/Cetus | Spotted Cetus Guard 15114 | -6/Cetus | Spotted Cetus Guard 15117 | -6/Cetus | Spotted Cetus Guard 15125 | -6/Cetus | Destroyed Cetus Guard 15126 | -6/Cetus | Allies destroyed Cetus Guard 15141 | -6/Cetus | Allies destroyed Cetus Guard 15146 | -6/Cetus | Discovered exit to Factory (range 16) 15148 | -6/Cetus | Met Revision 17 15168 | -6/Cetus | Lost 4 parts (2n2u) 15256 | -6/Cetus | Entered Archives 15256 | -6/Archives | Accompanied by 7 allies 15316 | -6/Archives | Discovered new exit (range 13) 15327 | -6/Archives | Discovered new exit (range 15) 15354 | -6/Archives | Discovered exit to Factory (range 13) 15499 | -6/Archives | Identified exit to Hub_04(d) 15513 | -6/Archives | Entered Hub_04(d) 15513 | -6/Hub_04(d) | Accompanied by 5 allies 15669 | -6/Hub_04(d) | Lost 3 allies 15697 | -6/Hub_04(d) | Build established: Scavenger-Mutant 15723 | -6/Hub_04(d) | Network Hub disabled 15738 | -6/Hub_04(d) | Spotted Lightning 15748 | -6/Hub_04(d) | Spotted Lightning 15748 | -6/Hub_04(d) | Spotted Lightning 15754 | -6/Hub_04(d) | Entered Factory 15754 | -5/Factory | Evolved 2 slots: Utility x2 16088 | -5/Factory | Repaired Gravmag System 16310 | -5/Factory | Discovered new exit (range 15) 16330 | -5/Factory | Identified exit to Upper Caves 16336 | -5/Factory | Identified exit to Factory 16398 | -5/Factory | Build established: Scavenger-Gunner 16566 | -5/Factory | Lost 5 parts (2n1u2w) 16699 | -5/Factory | Loaded intel: 8 recycling unit locations 16812 | -5/Factory | Build established: Scavenger-Mutant 16872 | -5/Factory | Entered Upper Caves 16905 | -5/Upper Caves | Entered an active Warlord outpost 16909 | -5/Upper Caves | Learned 8 Factory zone layouts 16909 | -5/Upper Caves | Learned Armory stockpile data 16909 | -5/Upper Caves | Learned Extension terminal intel 16909 | -5/Upper Caves | Learned Factory garrison access intel 16945 | -5/Upper Caves | Identified exit to Upper Caves 17012 | -5/Upper Caves | Attacked by a delusional Derelict stockpiling Unaware 17401 | -5/Upper Caves | Learned location of 1 exit from Factory 17511 | -5/Upper Caves | Build established: Derelict-Mutant 17512 | -5/Upper Caves | Found Alien Artifact 17593 | -5/Upper Caves | Entered another Upper Caves area 17906 | -5/Upper Caves | Build established: Derelict-Scout 18032 | -5/Upper Caves | Learned Factory terminal intel 18058 | -5/Upper Caves | Encountered a Warlord checkpoint 18078 | -5/Upper Caves | Discovered new exit (range 14) 18094 | -5/Upper Caves | Identified exit to Zhirov 18452 | -5/Upper Caves | Attracted the attention of an 0b10 outpost 18691 | -5/Upper Caves | Entered Zhirov 18691 | -5/Zhirov | Accompanied by 1 ally 18691 | -5/Zhirov | Discovered new exit (range 3) 18699 | -5/Zhirov | Met Zhirov 18707 | -5/Zhirov | Learned location of Quarantine (-3) 18707 | -5/Zhirov | Learned location of Command (-1) 18711 | -5/Zhirov | Zhirov requested help retrieving the SGEMP Prototype 18721 | -5/Zhirov | Found Alien Artifact 18721 | -5/Zhirov | Identified Integrated Reactor 18721 | -5/Zhirov | Installed Integrated Reactor, increased core energy generation (+10) 18806 | -5/Zhirov | Found Alien Artifact 18818 | -5/Zhirov | Identified exit to Proximity Caves 18876 | -5/Zhirov | Entered Proximity Caves 18876 | -4/Proximity Caves | Accompanied by 1 ally 19007 | -4/Proximity Caves | Spotted B-86 Titan 19453 | -4/Proximity Caves | Entered Factory 19453 | -4/Factory | Evolved 2 slots: Propulsion x1, Utility x1 19454 | -4/Factory | Identified exit to Research 19456 | -4/Factory | Loaded intel: 26 terminal locations 19457 | -4/Factory | Loaded intel: 4 garrison access locations 19527 | -4/Factory | Identified exit to Upper Caves 19570 | -4/Factory | Loaded intel: 8 recycling unit locations 19737 | -4/Factory | Spotted B-86 Titan 19814 | -4/Factory | Entered Upper Caves 19916 | -4/Upper Caves | Entered an active Warlord outpost 19919 | -4/Upper Caves | Learned Research stockpile data 19919 | -4/Upper Caves | Learned Research security intel 19919 | -4/Upper Caves | Learned Extension garrison access intel 20226 | -4/Upper Caves | Attracted the attention of an 0b10 checkpoint 20345 | -4/Upper Caves | Encountered a Warlord checkpoint 20380 | -4/Upper Caves | Discovered new exit (range 14) 20384 | -4/Upper Caves | Identified exit to Upper Caves 20388 | -4/Upper Caves | A Derelict revealed a hidden shortcut to "reach the base" 20761 | -4/Upper Caves | Attacked by a delusional Derelict stockpiling parts 21052 | -4/Upper Caves | Build established: Derelict-Assassin 21054 | -4/Upper Caves | Identified exit to Warlord 21055 | -4/Upper Caves | Entered Warlord 21397 | -4/Warlord | Received a Watcher feed algorithm from an ecstatic Tinkerer 21413 | -4/Warlord | Found Prototype Device 21413 | -4/Warlord | Identified Minesniffer Drone Bay 21572 | -4/Warlord | Visited the Vortex Lab 21573 | -4/Warlord | Found Prototype Energy Gun 21573 | -4/Warlord | Identified Vortex Shotgun 21574 | -4/Warlord | Warlord's base attacked by MAIN.C 21576 | -4/Warlord | Found Prototype Piercing Weapon 21576 | -4/Warlord | Identified Vortex Lance 21609 | -4/Warlord | Found Prototype Hackware 21609 | -4/Warlord | Identified Ghost Barrier 21612 | -4/Warlord | Found Prototype Processor 21612 | -4/Warlord | Identified Spectral Analyzer 21614 | -4/Warlord | Found Prototype Device 21614 | -4/Warlord | Identified Thermal Barrier 21620 | -4/Warlord | Found Prototype Processor 21620 | -4/Warlord | Identified Exp. Targeting Computer 21848 | -4/Warlord | Lost 3 allies 21858 | -4/Warlord | Warlord forces counterattacked 21864 | -4/Warlord | Discovered new exit (range 12) 21867 | -4/Warlord | Identified exit to Proximity Caves 21871 | -4/Warlord | Entered Proximity Caves 21999 | -3/Proximity Caves | Spotted B-86 Titan 22027 | -3/Proximity Caves | Discovered exit to Research (range 8) 22029 | -3/Proximity Caves | Entered Research 22029 | -3/Research | Evolved 2 slots: Propulsion x2 22035 | -3/Research | Targeted by mysterious "MATRIX" hacker. 22068 | -3/Research | Found Unknown Launcher 22068 | -3/Research | Identified Gamma Bomb Array 22150 | -3/Research | Identified exit to Armory 22150 | -3/Research | Identified exit to Quarantine 22175 | -3/Research | Loaded intel: 5 recycling unit locations 22198 | -3/Research | Build established: Hacker-Ninja 22229 | -3/Research | Revision forces began assault on 0b10 22301 | -3/Research | Discovered new exit (range 5) 22302 | -3/Research | Identified exit to Research 22366 | -3/Research | Found Prototype Device 22366 | -3/Research | Identified Exp. EM Disruption Field 22459 | -3/Research | Met up with Revision 17++ 22486 | -3/Research | Lost 4 allies 22727 | -3/Research | Entered Quarantine 22739 | -3/Quarantine | Found Alien Artifact 22743 | -3/Quarantine | Identified Dimensional Node Initializer 22743 | -3/Quarantine | Initialized slip node 22749 | -3/Quarantine | Identified Transdimensional Reconstructor 22749 | -3/Quarantine | Warped through subspace to slip node 22752 | -3/Quarantine | Found Alien Artifact 22755 | -3/Quarantine | Found Dimensional Node Initializer 22808 | -3/Quarantine | Identified Hpw. Transdimensional Reconstructor 22808 | -3/Quarantine | Warped through subspace to slip node 22810 | -3/Quarantine | Found Hpw. Transdimensional Reconstructor 22858 | -3/Quarantine | Found Alien Artifact 22858 | -3/Quarantine | Identified Phase Redirector 22884 | -3/Quarantine | Discovered exit to Research (range 21) 22909 | -3/Quarantine | Found Alien Artifact 23017 | -3/Quarantine | Entered Research 23017 | -2/Research | Evolved 2 slots: Utility x2 23020 | -2/Research | Identified exit to Access 23025 | -2/Research | Spotted B-90 Cyclops 23162 | -2/Research | Fabricated Exp. Utility Shielding (x1) 23247 | -2/Research | Discovered new exit (range 18) 23361 | -2/Research | Identified exit to Testing 23364 | -2/Research | Entered Testing 23385 | -2/Testing | Found Prototype Energy Cannon 23385 | -2/Testing | Identified Imp. Potential Cannon 23397 | -2/Testing | Found Exp. Shield Generator 23458 | -2/Testing | Discovered exit to Access (range 16) 23586 | -2/Testing | Spotted Fortress 23599 | -2/Testing | Discovered new exit (range 5) 23599 | -2/Testing | Discovered new exit (range 6) 23599 | -2/Testing | Identified exit to Section 7 23600 | -2/Testing | Identified exit to Protoforge 23600 | -2/Testing | Entered Protoforge 23727 | -2/Protoforge | Spotted Hotshot 23813 | -2/Protoforge | Spotted Hotshot 23813 | -2/Protoforge | Spotted Hotshot 23856 | -2/Protoforge | Superfortress began startup sequence 23923 | -2/Protoforge | Crushed by falling debris 23980 | -2/Protoforge | Identified Terrabomb 23980 | -2/Protoforge | Used Terrabomb 23986 | -2/Protoforge | Spotted Decapitator 23986 | -2/Protoforge | Spotted Decapitator 23987 | -2/Protoforge | Spotted EXE-6 23987 | -2/Protoforge | Spotted EXE-6 23991 | -2/Protoforge | Spotted EXE-6 23991 | -2/Protoforge | Spotted EXE-6 23995 | -2/Protoforge | UFD initiated attack on Protoforge (Readiness: High) 23995 | -2/Protoforge | Loaded intel: 3 recycling unit locations 24003 | -2/Protoforge | Initialized slip node 24018 | -2/Protoforge | Found Prototype Processor 24018 | -2/Protoforge | Identified Exp. Core Analyzer 24021 | -2/Protoforge | Found Prototype Processor 24021 | -2/Protoforge | Identified Exp. Armor Integrity Analyzer 24022 | -2/Protoforge | Found Prototype Ballistic Gun 24023 | -2/Protoforge | Found Prototype Ballistic Gun 24025 | -2/Protoforge | Found Exp. Core Analyzer 24027 | -2/Protoforge | Found Prototype Ballistic Gun 24028 | -2/Protoforge | P-80 Master assimilated allied DT-7R6(j) 24059 | -2/Protoforge | Lost 3 allies 24062 | -2/Protoforge | Spotted Immortal 24063 | -2/Protoforge | Spotted Immortal 24123 | -2/Protoforge | Warped through subspace to slip node 24133 | -2/Protoforge | Optimus greeted in Protoforge 24153 | -2/Protoforge | Lost 8 parts (1p6n1u) 24183 | -2/Protoforge | Identified Cep. XC Strikerail (x2) 24294 | -2/Protoforge | Spotted Striker 24297 | -2/Protoforge | Spotted Striker 24303 | -2/Protoforge | Spotted Overlord 24346 | -2/Protoforge | Found Prototype Device 24349 | -2/Protoforge | Found Prototype Device 24352 | -2/Protoforge | Found Prototype Device 24368 | -2/Protoforge | Identified Exp. Weapon Cycler 24370 | -2/Protoforge | Identified Exp. Transmission Jammer 24371 | -2/Protoforge | Identified Exp. EM Shield 24388 | -2/Protoforge | Lost 3 allies 24391 | -2/Protoforge | Spotted Striker 24391 | -2/Protoforge | Spotted Striker 24393 | -2/Protoforge | Spotted Executioner 24402 | -2/Protoforge | Spotted Striker 24413 | -2/Protoforge | Spotted Striker 24427 | -2/Protoforge | Destroyed Striker 24455 | -2/Protoforge | Lost 7 allies 24480 | -2/Protoforge | Destroyed 8 combat bots 24579 | -2/Protoforge | UFD reported confirmed Drillbomb installation 24601 | -2/Protoforge | Spotted Executioner 24605 | -2/Protoforge | Spotted Executioner 24608 | -2/Protoforge | Spotted Executioner 24681 | -2/Protoforge | UFD reported confirmed Drillbomb installation 24699 | -2/Protoforge | Destroyed Executioner 24743 | -2/Protoforge | Spotted Striker 24745 | -2/Protoforge | Spotted Striker 24750 | -2/Protoforge | Spotted Executioner 24751 | -2/Protoforge | Spotted Striker 24767 | -2/Protoforge | Destroyed Striker 24777 | -2/Protoforge | Destroyed Executioner 24781 | -2/Protoforge | Found Prototype Device 24781 | -2/Protoforge | Identified Adv. Kinecellerator 24797 | -2/Protoforge | Spotted Executioner 24801 | -2/Protoforge | Spotted Executioner 24808 | -2/Protoforge | Spotted Striker 24808 | -2/Protoforge | Destroyed Striker 24815 | -2/Protoforge | Spotted Executioner 24818 | -2/Protoforge | Spotted Executioner 24824 | -2/Protoforge | Build established: Scavenger-Scout 24825 | -2/Protoforge | Installed UFD Drillbomb at designated target 24825 | -2/Protoforge | UFD reported confirmed Drillbomb installation 24861 | -2/Protoforge | Spotted Executioner 24862 | -2/Protoforge | Lost 8 allies 24865 | -2/Protoforge | Spotted Executioner 24870 | -2/Protoforge | Destroyed Executioner 24873 | -2/Protoforge | Destroyed Executioner 24877 | -2/Protoforge | Destroyed Executioner 24891 | -2/Protoforge | Spotted Striker 24893 | -2/Protoforge | Spotted Striker 24895 | -2/Protoforge | Destroyed Executioner 24919 | -2/Protoforge | Destroyed Striker 24923 | -2/Protoforge | Spotted Striker 24923 | -2/Protoforge | Spotted Executioner 24927 | -2/Protoforge | P-80 Master assimilated allied 02FAC-D 24949 | -2/Protoforge | Destroyed 12 combat bots 24962 | -2/Protoforge | Destroyed Executioner 24967 | -2/Protoforge | Spotted Striker 24968 | -2/Protoforge | Spotted Executioner 24970 | -2/Protoforge | Spotted Striker 24989 | -2/Protoforge | Destroyed Striker 24992 | -2/Protoforge | Spotted Executioner 24995 | -2/Protoforge | Spotted Striker 24998 | -2/Protoforge | Spotted Striker 25003 | -2/Protoforge | Destroyed Striker 25013 | -2/Protoforge | Destroyed Striker 25019 | -2/Protoforge | Spotted Executioner 25029 | -2/Protoforge | Destroyed Striker 25035 | -2/Protoforge | Found Exp. Core Analyzer 25062 | -2/Protoforge | Destroyed 7 combat bots 25063 | -2/Protoforge | Lost 24 allies 25101 | -2/Protoforge | Destroyed Executioner 25113 | -2/Protoforge | Spotted Executioner 25148 | -2/Protoforge | Destroyed Executioner 25163 | -2/Protoforge | Core integrity fell below 50% 25180 | -2/Protoforge | UFD reported confirmed Drillbomb installation 25180 | -2/Protoforge | Spotted Striker 25180 | -2/Protoforge | Spotted Striker 25192 | -2/Protoforge | Destroyed Striker 25203 | -2/Protoforge | Destroyed Striker 25203 | -2/Protoforge | Spotted Executioner 25206 | -2/Protoforge | Spotted Striker 25252 | -2/Protoforge | Destroyed Striker 25253 | -2/Protoforge | Lost 5 parts (2n3u) 25261 | -2/Protoforge | UFD reported confirmed Drillbomb installation 25293 | -2/Protoforge | P-80 Master assimilated allied Lugger 077 25337 | -2/Protoforge | Spotted Executioner 25343 | -2/Protoforge | Destroyed Executioner 25354 | -2/Protoforge | Lost 5 allies 25407 | -2/Protoforge | Spotted Striker 25407 | -2/Protoforge | Spotted Executioner 25486 | -2/Protoforge | Found Scrap Suit 25491 | -2/Protoforge | Lost 9 allies 25491 | -2/Protoforge | Spotted Striker 25492 | -2/Protoforge | Spotted Executioner 25492 | -2/Protoforge | Spotted Striker 25496 | -2/Protoforge | Destroyed 10 combat bots 25530 | -2/Protoforge | Spotted Executioner 25534 | -2/Protoforge | Destroyed Executioner 25561 | -2/Protoforge | Spotted Striker 25561 | -2/Protoforge | Spotted Striker 25568 | -2/Protoforge | Destroyed Striker 25574 | -2/Protoforge | Destroyed Striker 25582 | -2/Protoforge | Spotted Executioner 25583 | -2/Protoforge | Spotted Executioner 25595 | -2/Protoforge | Destroyed 8 combat bots 25605 | -2/Protoforge | Destroyed Executioner 25618 | -2/Protoforge | Spotted Executioner 25628 | -2/Protoforge | Spotted Striker 25632 | -2/Protoforge | Destroyed Executioner 25650 | -2/Protoforge | Build established: Scavenger-Sprinter 25651 | -2/Protoforge | Spotted Executioner 25653 | -2/Protoforge | Destroyed 7 combat bots 25653 | -2/Protoforge | Lost 3 allies 25658 | -2/Protoforge | Destroyed Executioner 25665 | -2/Protoforge | UFD reported confirmed Drillbomb installation 25718 | -2/Protoforge | Spotted Striker 25752 | -2/Protoforge | Lost 3 allies 25763 | -2/Protoforge | Spotted Striker 25763 | -2/Protoforge | Spotted Striker 25765 | -2/Protoforge | Destroyed Striker 25770 | -2/Protoforge | Spotted Striker 25771 | -2/Protoforge | Spotted Striker 25772 | -2/Protoforge | Destroyed Striker 25778 | -2/Protoforge | Found Exp. Core Analyzer 25822 | -2/Protoforge | Lost 3 parts (1n2u) 25825 | -2/Protoforge | Found 0bPrime Scrap Suit 25934 | -2/Protoforge | Spotted Executioner 25935 | -2/Protoforge | Spotted Executioner 25957 | -2/Protoforge | Found UFD Drillbomb 25963 | -2/Protoforge | Found Exp. Core Analyzer 25976 | -2/Protoforge | Installed UFD Drillbomb at designated target 25976 | -2/Protoforge | UFD reported confirmed Drillbomb installation 25980 | -2/Protoforge | Spotted Striker 25980 | -2/Protoforge | Spotted Striker 26013 | -2/Protoforge | Found UFD Drillbomb 26015 | -2/Protoforge | Lost 3 allies 26102 | -2/Protoforge | Build established: Scavenger-Gunner 26184 | -2/Protoforge | Spotted Executioner 26186 | -2/Protoforge | Installed UFD Drillbomb at designated target 26186 | -2/Protoforge | UFD reported confirmed Drillbomb installation 26188 | -2/Protoforge | Spotted Striker 26194 | -2/Protoforge | Spotted Striker 26195 | -2/Protoforge | Spotted Executioner 26249 | -2/Protoforge | Found UFD Drillbomb 26261 | -2/Protoforge | Destroyed Executioner 26320 | -2/Protoforge | Spotted Executioner 26320 | -2/Protoforge | Spotted Executioner 26320 | -2/Protoforge | Spotted Executioner 26406 | -2/Protoforge | UFD reported confirmed Drillbomb installation 26478 | -2/Protoforge | Destroyed Executioner 26618 | -2/Protoforge | Spotted Striker 26624 | -2/Protoforge | Spotted Striker 26683 | -2/Protoforge | Spotted Hotshot 26685 | -2/Protoforge | Spotted Striker 26687 | -2/Protoforge | Spotted Striker 26692 | -2/Protoforge | Spotted Executioner 26692 | -2/Protoforge | Spotted Striker 26693 | -2/Protoforge | Spotted Striker 26694 | -2/Protoforge | Core integrity fell below 20% 26747 | -2/Protoforge | Lost 5 allies 26764 | -2/Protoforge | Spotted Executioner 26769 | -2/Protoforge | Spotted Executioner 26814 | -2/Protoforge | Lost 4 allies 26843 | -2/Protoforge | Build established: Scavenger-Mutant 26857 | -2/Protoforge | Found 0bPrime Scrap Suit 26898 | -2/Protoforge | Spotted Striker 27102 | -2/Protoforge | Spotted Striker 27103 | -2/Protoforge | Spotted Striker 27196 | -2/Protoforge | Spotted Striker 27207 | -2/Protoforge | Spotted Hotshot 27208 | -2/Protoforge | Spotted Hotshot 27215 | -2/Protoforge | Spotted Executioner 27215 | -2/Protoforge | Spotted Executioner 27242 | -2/Protoforge | Spotted Executioner 27250 | -2/Protoforge | Lost 11 allies 27306 | -2/Protoforge | Lost 9 allies 27338 | -2/Protoforge | Spotted Striker 27341 | -2/Protoforge | Spotted Striker 27343 | -2/Protoforge | Destroyed Striker 27348 | -2/Protoforge | Destroyed Striker 27354 | -2/Protoforge | Found Exp. Core Analyzer 27357 | -2/Protoforge | Spotted Executioner 27357 | -2/Protoforge | Destroyed Executioner 27363 | -2/Protoforge | Spotted Executioner 27367 | -2/Protoforge | Destroyed Executioner 27374 | -2/Protoforge | Destroyed Striker 27381 | -2/Protoforge | Found Adv. Kinecellerator 27382 | -2/Protoforge | Lost 4 allies 27400 | -2/Protoforge | Spotted Executioner 27401 | -2/Protoforge | Destroyed Executioner 27415 | -2/Protoforge | Found Exp. Targeting Computer 27419 | -2/Protoforge | Spotted Executioner 27426 | -2/Protoforge | Destroyed Executioner 27449 | -2/Protoforge | Spotted Executioner 27449 | -2/Protoforge | Destroyed Executioner 27470 | -2/Protoforge | Destroyed 8 combat bots 27498 | -2/Protoforge | Spotted Executioner 27499 | -2/Protoforge | Destroyed Executioner 27500 | -2/Protoforge | Spotted Striker 27503 | -2/Protoforge | Destroyed Striker 27567 | -2/Protoforge | Build established: Scavenger-Scrapper 27569 | -2/Protoforge | Spotted Executioner 27573 | -2/Protoforge | Destroyed Executioner 27704 | -2/Protoforge | Spotted Executioner 27704 | -2/Protoforge | Destroyed Executioner 27706 | -2/Protoforge | Spotted Striker 27706 | -2/Protoforge | Destroyed Striker 27747 | -2/Protoforge | Destroyed 7 combat bots 27942 | -2/Protoforge | Spotted Striker 27942 | -2/Protoforge | Spotted Executioner 27950 | -2/Protoforge | Destroyed Executioner 27956 | -2/Protoforge | Destroyed Striker 28051 | -2/Protoforge | Spotted Executioner 28054 | -2/Protoforge | Destroyed Executioner 28061 | -2/Protoforge | Spotted Executioner 28066 | -2/Protoforge | Destroyed Executioner 28118 | -2/Protoforge | Spotted Executioner 28121 | -2/Protoforge | Destroyed Executioner 28125 | -2/Protoforge | Spotted Executioner 28127 | -2/Protoforge | Destroyed Executioner 28196 | -2/Protoforge | Spotted Striker 28199 | -2/Protoforge | Destroyed Striker 28208 | -2/Protoforge | Spotted Striker 28211 | -2/Protoforge | Destroyed Striker 28211 | -2/Protoforge | Spotted Striker 28230 | -2/Protoforge | Released all parts (15) 28234 | -2/Protoforge | Destroyed by S-43 Plague with Heavy Machine Gun Last Messages --------------- 28229_ M-36 Artificer unfolds itself. 28229_ Ovr. Medium Treads destroyed. 28229_ Penetrated by Slug. 28230_ Released Com. Linear Accelerator. 28230_ Released Adv. Kinecellerator. 28230_ Released Adv. Targeting Computer. 28230_ Released Med. Treads. 28230_ Released 0bPrime Scrap Suit. 28230_ Released Spectral Analyzer. 28230_ Released Exp. Core Analyzer. 28230_ Released Adv. Targeting Computer. 28230_ Released Exp. Weapon Cycler. 28230_ Released Ovr. Linear Accelerator. 28230_ Released Ovr. Medium Treads. 28230_ Released Exp. Targeting Computer. 28230_ Released Mak. Microdissipator Network. 28230_ Released Helical Railgun. 28230_ Acquired 71 matter. 28231_ N-04 Retriever collects Mak. Coolant Network. 28234_ System corrupted: Substantial component data lost. Map ----- +----------------------------------------------------+ | # # # [!""" # ""[""""" " " " | | ###### " !=%=! " " % " " " " | | #####" ####+##### # " """""""" " " " | | #### ### ## % " " " " " | | """# #### #"^%"% %% """"" " " "" | | !"" "" "T"" ### "^"% " % """""""""" " | | " "" "%" !=# # " % % !" * " "/ """ | | % #"["%""""## """%"!= =% !%= % " | | " #!% % # % % % !=[%!" " " | | % # " % " "% " % "%%% "" | | % " #%=" + % %%% %% % % "" " | | % % + % % """; %%% % " %% "" """ | | % % " "% %; ; ;;;;;" & % % " "" | | " #### #% %%"" %;% ;;; %;% ; % % "" | | % #"!" "% %;% ; %% ; % % %"" | | % #*%" "" %! ;%; ;% ""% "%" | | " "" "% % %;| # ; % %;%" " | | " "%%#"###;/;! ; ;;;;%;; ;; " "% """" | | "! !*"%" # % ;! ;!;%% % &% "% "" " | | *!!!=!= " ! ; ] ! % = "%%%" " | | !%!%=%!" "** ##[%%;! ;%! % " " % | | ! %[*%%"%* ;; ##;%#;;;;;*!* % ; # " % | | ^! ![%% % % ; %!%%% "% "% ;% "%% % % | | =*[ % %; % %% %%; % " "" # !% %% | | %!=%%%%& % %%%% %% "%" % %# " | | &![&%%%%%% %% %% %%% %@ "" % % %## " " | | %"%%&&%%%% == %%;%%; ;;# "" " ; % """ | | =![= [&%%&* ! [!%%;! # % "" " """ | | % % %%%%% %%]!== # % % ; #% "" | | % % %%%%%%% ==]%[= ; % ; # % | | % %"%% %%%%&%! ;[ #;"# % %"";##### ## % | | !%* "%! %% %%%%%*%!% # % ! ####### """ | | !!%!=*=[ %%% %%% %%%! !* *%* #?##?# " | | %![ %]%%% %%% !!![ * = %!* # #?# | | %%% %%%%%%%%% % =!==!=!*!=*%* !=* !### | | % %% % % %% =!%**= %===![!!!! !!! # "" | | " ""%" % % %%%%% ;&%%& %[! !* [=!#=#% " | | %%% %%%% %=%%%%%%%n%%%%%%%%%%%%% ""% %"%=[#% "" | | % %% " %%!% %%%%%%%% %%%%%%%%%%% %%%%%%%"] % | | %% [ & % % [!&%! % == %%%%%%%%%%%% %%%%%%%%%" | | %%*% =% % *![! // /!% %%%%%%%%%%%%%%% %/%% % | | =%!%! % = %%" !=%*" ==[! %%%%%"%% !% " " # %% " | | "%!!% *%= %%*%*! ]=!= %% %"""""" ## # % | | [%==[!%[=%=%"=&!%%[ =!!!!%%%" !!!! # % % | | *=/*[%%!%%%%" !![=% /!=%!%%% !=! # # % % % | | !!=[%|%]*!=!"= *%% %|%!!"%!**% |"% " # # !% | | ==!%*%=!%%!%[ "=!!=!%==%%%[!![=[ "#### % | | #!=!!=!!*/%[%! " =%%[%=%=%%!!!%%"" ##??# | | #=#*![!=%%!%![*"=%%[*!!*%%=[%* " ###?# "" | | #+##"% *% %![!!" *%[[=!%**!% " "" " #?# | +----------------------------------------------------+ Best States ------------- Heat Dissipation 56 Energy Generation 39 Energy Capacity 1575 Matter Stores 300 Matter Capacity 300 Sight Range 24 Robot Scan Range 18 Terrain Scan Range 16 Terrain Scan Density 210 ECM Strength 1 Jamming Range 12 Power Amplification 30 Additional Mass Support 16 Armor Coverage 225 Resistance: EM 75 Core Shielding 40 Power Shielding 90 Utility Shielding 90 Weapon Cycling 30 Phase Shifting 15 Evasion (%) 79 Targeting Accuracy 28 Target Analysis 8 Core Analysis 12 Armor Integrity Analysis 50 Recoil Reduction 6 Matter Filtering 30 Energy Filtering 30 Kinecelleration 50 Offensive Hacking 28 Defensive Hacking 34 Authchip Count 3 Item Schematics ----------------- Hacking Suite | -9/Materials | Scanalyzed Imp. VTOL Module | -9/Materials | Scanalyzed Imp. Hacking Suite | -6/Factory | Hacked Exp. Utility Shielding | -6/Factory | Scanalyzed Assault Drone Bay | -5/Zhirov | Free Exp. Heat Sink | -5/Zhirov | Free Exp. Optical Array | -5/Zhirov | Free Imp. Arc Thrower | -5/Zhirov | Free Robot Schematics ------------------ None Fabricated ------------ Imp. Hacking Suite | x1 | -6/Factory | Authchip Imp. Hacking Suite | x1 | -6/Factory | Authchip Exp. Utility Shielding | x1 | -2/Research | Authchip Repaired ---------- Gravmag System | 15% | -5/Factory Studied --------- Beam Cannon | -9/Materials | Hacked Tesla Rifle | -5/Factory | Hacked Gravmag System | -5/Factory | Hacked Lgt. Fission Core | -5/Factory | Hacked Imp. Hover Unit | -5/Factory | Hacked Field Propulsion Array | -4/Factory | Hacked Hvy. Missile Launcher | -4/Factory | Hacked Lgt. Antimatter Reactor | -3/Research | Hacked Alien Tech Used ----------------- Integrated Reactor Dimensional Node Initializer Transdimensional Reconstructor High-powered Transdimensional Reconstructor Phase Redirector Terrabomb Achievements -------------- Anti-science Crusade Well-fed Force Field Challenges ------------ None Game ------ Seed MetaPulseRedirector Manual? 0 Play Time 05:53:49 Cumulative 345.1 hours Start 2026.03.11 @ 12:56:34 End 2026.03.19 @ 00:20:25 Sessions 3 Manual Loads 0 Difficulty Rogue Special Mode None Game No. 270 Rogue 270 Adventurer 0 Explorer 0 Win Type - Total 19 Types 10/0/7/2/0/0/0/0/0/0 Lore% 86 Gallery% 76 Achievement% 65 Wizard Run 0 Options --------- Layout 1 ASCII 0 Keyboard 0 Movement Numpad Keybinds 0 Fullscreen 1 Font 32/SmallcapsGlow Map View 77x35 Zoom Use 0% Tactical HUD 1 Map Filters NONE Filters NONE Steam 1 RUN: 0232cf60-5e22-45d0-a307-28f1c68dc33a